Workbook
Name OLE_LINK2: 'Figure 3.F.2.'!$E$2

Sheet Figure 2.1
A1: Figure 2.1. Alternative Paths for the Policy Rate | J1: Case A | K1: Case B | L1: Market Reference (1Y Bond Rate) | M1: Market Reference (Expected Path)
A2: Percent, Q-o-Q, Annualized | I2: Period 0 | J2: 8.6 | K2: 8.6 | L2: 9.25 | M2: =AVERAGE(J2:K2) -> 8.6
I3: Period 1 | J3: 9.8 | K3: 8.9 | M3: =AVERAGE(J3:K3) -> 9.35
I4: Period 2 | J4: 10.6 | K4: 9 | M4: =AVERAGE(J4:K4) -> 9.8
I5: Period 3 | J5: 10.9 | K5: 9 | M5: =AVERAGE(J5:K5) -> 9.95
I6: Period 4 | J6: 10.8 | K6: 8.8 | M6: =AVERAGE(J6:K6) -> 9.8
I7: Period 5 | J7: 10.2 | K7: 8.5 | M7: =AVERAGE(J7:K7) -> 9.35
I8: Period 6 | J8: 9.4 | K8: 8.2 | M8: =AVERAGE(J8:K8) -> 8.8
I9: Period 7 | J9: 8.7 | K9: 7.9 | M9: =AVERAGE(J9:K9) -> 8.3
I10: Period 8 | J10: 8.3 | K10: 7.7 | M10: =AVERAGE(J10:K10) -> 8
I11: Period 9 | J11: 7.9 | K11: 7.5 | M11: =AVERAGE(J11:K11) -> 7.7
I12: Period 10 | J12: 7.7 | K12: 7.4 | M12: =AVERAGE(J12:K12) -> 7.55
I13: Period 11 | J13: 7.5 | K13: 7.35 | M13: =AVERAGE(J13:K13) -> 7.425
I14: Period 12 | J14: 7.3 | K14: 7.3 | M14: =AVERAGE(J14:K14) -> 7.3

Sheet Figure 3.A.1
B1: Consumption | C1: Nonresidential Investment | D1: Residential Investment | E1: Government | F1: Real GDP | G1: Domestic Demand | H1: Exports | I1: Imports | J1: Inventories
A2: 2022/1 | B2: -0.03 | C2: 1.32 | D2: -0.09 | E2: -0.52 | F2: -2 | G2: 0.68 | H2: -0.5 | I2: -2.08 | J2: -0.07
A3: 2022/2 | B3: 1.32 | C3: 0.68 | D3: -0.73 | E3: -0.34 | F3: -0.6 | G3: 0.93 | H3: 1.19 | I3: -0.63 | J3: -2.05
A4: 2022/3 | B4: 1.05 | C4: 0.62 | D4: -1.41 | E4: 0.49 | F4: 2.66 | G4: 0.75 | H4: 1.8 | I4: 0.77 | J4: -0.66
A5: 2022/4 | B5: 0.79 | C5: 0.24 | D5: -1.23 | E5: 0.9 | F5: 2.56 | G5: 0.7 | H5: -0.41 | I5: 0.66 | J5: 1.61
A6: 2023/1 | B6: 2.54 | C6: 0.76 | D6: -0.22 | E6: 0.82 | F6: 2.2 | G6: 3.9 | H6: 0.76 | I6: -0.18 | J6: -2.22
A7: 2023/2 | B7: 0.55 | C7: 0.98 | D7: -0.09 | E7: 0.57 | F7: 2.05 | G7: 2.01 | H7: -1.09 | I7: 1.13 | J7: 0
A8: 2023/3 | B8: 2.11 | C8: 0.21 | D8: 0.26 | E8: 0.99 | F8: 4.87 | G8: 3.57 | H8: 0.59 | I8: -0.56 | J8: 1.27
A9: 2023/4 | B9: 2.2 | C9: 0.5 | D9: 0.11 | E9: 0.79 | F9: 3.4 | G9: 3.6 | H9: 0.55 | I9: -0.3 | J9: -0.47
A10: 2024/1 | B10: 0.98 | C10: 0.59 | D10: 0.59 | E10: 0.31 | F10: 1.4 | G10: 2.47 | H10: 0.17 | I10: -0.82 | J10: -0.42
A11: 2024/2 | B11: 1.57 | C11: 0.69 | D11: -0.05 | E11: 0.53 | F11: 2.8 | G11: 2.74 | H11: 0.22 | I11: -0.93 | J11: 0.82
A12: 2024/3* | B12: 2.15 | C12: 0.7 | D12: -0.42 | E12: 0.3 | F12: 2.1 | G12: 2.73 | H12: 0.32 | I12: -0.69 | J12: -0.28
A14: Figure 3.A.1: Real GDP by Expenditure Components
A15: Percent, QoQ, Annualized

Sheet Figure 3.A.2
B1: Year | C1: Sticky Price Inflation | D1: Personal Consumption Expenditures Excluding Food and Energy (Chain-Type Price Index), Index 2017=100, Monthly, Seasonally Adjusted | E1: Consumer Price Index for All Urban Consumers: All Items Less Food and Energy in U.S. City Average, Index 1982-1984=100, Monthly, Seasonally Adjusted | F1: Core PCE Inflation | G1: Core CPI Inflation | H1: Wage Growth | I1: Target | K1: Figure 3.A.2: Underlying Inflation Measures
A2: 43466 | C2: 2.764135 | D2: 102.878 | E2: 260.766 | H2: 3.8 | I2: 2 | K2: 3-Month Annualized Percentage Change
A3: 43497 | C3: 2.690158 | D3: 102.959 | E3: 261.186 | H3: 3.4 | I3: 2
A4: 43525 | C4: 2.552654 | D4: 103.049 | E4: 261.567 | H4: 3.5 | I4: 2
A5: 43556 | C5: 2.624713 | D5: 103.274 | E5: 261.997 | F5: =4*(D5/D2*100-100) -> 1.5396878 | G5: =4*(E5/E2*100-100) -> 1.888283 | H5: 3.6 | I5: 2
A6: 43586 | C6: 2.385537 | D6: 103.381 | E6: 262.217 | F6: =4*(D6/D3*100-100) -> 1.6394876 | G6: =4*(E6/E3*100-100) -> 1.5789514 | H6: 3.7 | I6: 2
A7: 43617 | B7: 2019 | C7: 2.564936 | D7: 103.586 | E7: 262.739 | F7: =4*(D7/D4*100-100) -> 2.0844453 | G7: =4*(E7/E4*100-100) -> 1.792275 | H7: 3.9 | I7: 2
A8: 43647 | C8: 2.622018 | D8: 103.706 | E8: 263.28 | F8: =4*(D8/D5*100-100) -> 1.6732188 | G8: =4*(E8/E5*100-100) -> 1.9588011 | H8: 3.9 | I8: 2
A9: 43678 | C9: 3.164225 | D9: 103.811 | E9: 263.877 | F9: =4*(D9/D6*100-100) -> 1.6637487 | G9: =4*(E9/E6*100-100) -> 2.5322538 | H9: 3.7 | I9: 2
A10: 43709 | C10: 2.983384 | D10: 103.889 | E10: 264.388 | F10: =4*(D10/D7*100-100) -> 1.1700423 | G10: =4*(E10/E7*100-100) -> 2.5104762 | H10: 3.6 | I10: 2
A11: 43739 | C11: 3.08315 | D11: 104.048 | E11: 264.97 | F11: =4*(D11/D8*100-100) -> 1.3191136 | G11: =4*(E11/E8*100-100) -> 2.5676086 | H11: 3.5 | I11: 2
A12: 43770 | C12: 2.874372 | D12: 104.066 | E12: 265.548 | F12: =4*(D12/D9*100-100) -> 0.98255484 | G12: =4*(E12/E9*100-100) -> 2.5329983 | H12: 3.7 | I12: 2
A13: 43800 | C13: 2.903476 | D13: 104.279 | E13: 266.02 | F13: =4*(D13/D10*100-100) -> 1.5016027 | G13: =4*(E13/E10*100-100) -> 2.4690984 | H13: 3.7 | I13: 2
A14: 43831 | C14: 2.837968 | D14: 104.475 | E14: 266.698 | F14: =4*(D14/D11*100-100) -> 1.6415501 | G14: =4*(E14/E11*100-100) -> 2.6085972 | H14: 3.8 | I14: 2
A15: 43862 | C15: 2.741912 | D15: 104.664 | E15: 267.402 | F15: =4*(D15/D12*100-100) -> 2.2985413 | G15: =4*(E15/E12*100-100) -> 2.7927154 | H15: 3.7 | I15: 2
A16: 43891 | C16: 2.034221 | D16: 104.586 | E16: 267.068 | F16: =4*(D16/D13*100-100) -> 1.1776101 | G16: =4*(E16/E13*100-100) -> 1.5758214 | H16: 3.5 | I16: 2
A17: 43922 | C17: 0.3836907 | D17: 104.237 | E17: 265.796 | F17: =4*(D17/D14*100-100) -> -0.91122278 | G17: =4*(E17/E14*100-100) -> -1.352841 | H17: 3.3 | I17: 2
A18: 43952 | C18: -0.3594109 | D18: 104.364 | E18: 265.461 | F18: =4*(D18/D15*100-100) -> -1.146526 | G18: =4*(E18/E15*100-100) -> -2.9034936 | H18: 3.5 | I18: 2
A19: 43983 | B19: 2020 | C19: 0.4679867 | D19: 104.527 | E19: 265.839 | F19: =4*(D19/D16*100-100) -> -0.22565162 | G19: =4*(E19/E16*100-100) -> -1.8407297 | H19: 3.8 | I19: 2
A20: 44013 | C20: 3.184655 | D20: 104.913 | E20: 267.373 | F20: =4*(D20/D17*100-100) -> 2.5940885 | G20: =4*(E20/E17*100-100) -> 2.3732487 | H20: 3.9 | I20: 2
A21: 44044 | C21: 4.04557 | D21: 105.229 | E21: 268.39 | F21: =4*(D21/D18*100-100) -> 3.3153195 | G21: =4*(E21/E18*100-100) -> 4.4134543 | H21: 3.5 | I21: 2
A22: 44075 | C22: 3.132312 | D22: 105.39 | E22: 268.9 | F22: =4*(D22/D19*100-100) -> 3.302496 | G22: =4*(E22/E19*100-100) -> 4.6057952 | H22: 3.5 | I22: 2
A23: 44105 | C23: 1.351884 | D23: 105.47 | E23: 269.28 | F23: =4*(D23/D20*100-100) -> 2.1236644 | G23: =4*(E23/E20*100-100) -> 2.8529433 | H23: 3.5 | I23: 2
A24: 44136 | C24: 1.202824 | D24: 105.552 | E24: 269.967 | F24: =4*(D24/D21*100-100) -> 1.2277984 | G24: =4*(E24/E21*100-100) -> 2.3503111 | H24: 3.7 | I24: 2
A25: 44166 | C25: 1.62974 | D25: 105.899 | E25: 270.34 | F25: =4*(D25/D22*100-100) -> 1.9318721 | G25: =4*(E25/E22*100-100) -> 2.1420602 | H25: 3.4 | I25: 2
A26: 44197 | C26: 1.595782 | D26: 106.267 | E26: 270.422 | F26: =4*(D26/D23*100-100) -> 3.0226605 | G26: =4*(E26/E23*100-100) -> 1.6963755 | H26: 3.4 | I26: 2
A27: 44228 | C27: 1.590866 | D27: 106.499 | E27: 270.813 | F27: =4*(D27/D24*100-100) -> 3.5887525 | G27: =4*(E27/E24*100-100) -> 1.2534865 | H27: 3.4 | I27: 2
A28: 44256 | C28: 1.879484 | D28: 106.945 | E28: 271.461 | F28: =4*(D28/D25*100-100) -> 3.9509344 | G28: =4*(E28/E25*100-100) -> 1.6586521 | H28: 3.4 | I28: 2
A29: 44287 | C29: 3.254225 | D29: 107.594 | E29: 273.665 | F29: =4*(D29/D26*100-100) -> 4.9949655 | G29: =4*(E29/E26*100-100) -> 4.796947 | H29: 3.2 | I29: 2
A30: 44317 | C30: 3.882874 | D30: 108.167 | E30: 275.494 | F30: =4*(D30/D27*100-100) -> 6.2648476 | G30: =4*(E30/E27*100-100) -> 6.913996 | H30: 3 | I30: 2
A31: 44348 | B31: 2021 | C31: 4.139296 | D31: 108.655 | E31: 277.585 | F31: =4*(D31/D28*100-100) -> 6.3958109 | G31: =4*(E31/E28*100-100) -> 9.023764 | H31: 3.2 | I31: 2
A32: 44378 | C32: 3.876566 | D32: 109.12 | E32: 278.612 | F32: =4*(D32/D29*100-100) -> 5.6731788 | G32: =4*(E32/E29*100-100) -> 7.2307383 | H32: 3.7 | I32: 2
A33: 44409 | C33: 3.495445 | D33: 109.458 | E33: 278.993 | F33: =4*(D33/D30*100-100) -> 4.7740993 | G33: =4*(E33/E30*100-100) -> 5.0803284 | H33: 3.9 | I33: 2
A34: 44440 | C34: 3.533959 | D34: 109.684 | E34: 279.71 | F34: =4*(D34/D31*100-100) -> 3.7881368 | G34: =4*(E34/E31*100-100) -> 3.0621251 | H34: 4.2 | I34: 2
A35: 44470 | C35: 4.052816 | D35: 110.217 | E35: 281.623 | F35: =4*(D35/D32*100-100) -> 4.021261 | G35: =4*(E35/E32*100-100) -> 4.3228576 | H35: 4.1 | I35: 2
A36: 44501 | C36: 4.606652 | D36: 110.778 | E36: 283.393 | F36: =4*(D36/D33*100-100) -> 4.823768 | G36: =4*(E36/E33*100-100) -> 6.308402 | H36: 4.3 | I36: 2
A37: 44531 | C37: 5.109932 | D37: 111.446 | E37: 285.221 | F37: =4*(D37/D34*100-100) -> 6.4257321 | G37: =4*(E37/E34*100-100) -> 7.8810196 | H37: 4.5 | I37: 2
A38: 44562 | C38: 5.432961 | D38: 111.973 | E38: 286.811 | F38: =4*(D38/D35*100-100) -> 6.3728826 | G38: =4*(E38/E35*100-100) -> 7.3687163 | H38: 5.1 | I38: 2
A39: 44593 | C39: 5.960108 | D39: 112.436 | E39: 288.287 | F39: =4*(D39/D36*100-100) -> 5.9867483 | G39: =4*(E39/E36*100-100) -> 6.9077218 | H39: 5.8 | I39: 2
A40: 44621 | C40: 6.149834 | D40: 112.88 | E40: 289.041 | F40: =4*(D40/D37*100-100) -> 5.1468873 | G40: =4*(E40/E37*100-100) -> 5.3572493 | H40: 6 | I40: 2
A41: 44652 | C41: 6.290118 | D41: 113.248 | E41: 290.515 | F41: =4*(D41/D38*100-100) -> 4.5546694 | G41: =4*(E41/E38*100-100) -> 5.1657712 | H41: 6 | I41: 2
A42: 44682 | C42: 6.557428 | D42: 113.656 | E42: 292.072 | F42: =4*(D42/D39*100-100) -> 4.3402469 | G42: =4*(E42/E39*100-100) -> 5.251711 | H42: 6.1 | I42: 2
A43: 44713 | B43: 2022 | C43: 7.516982 | D43: 114.297 | E43: 293.972 | F43: =4*(D43/D40*100-100) -> 5.0212615 | G43: =4*(E43/E40*100-100) -> 6.8239454 | H43: 6.7 | I43: 2
A44: 44743 | C44: 7.191487 | D44: 114.534 | E44: 295.055 | F44: =4*(D44/D41*100-100) -> 4.5422436 | G44: =4*(E44/E41*100-100) -> 6.2509681 | H44: 6.7 | I44: 2
A45: 44774 | C45: 7.284253 | D45: 115.158 | E45: 296.569 | F45: =4*(D45/D42*100-100) -> 5.2861266 | G45: =4*(E45/E42*100-100) -> 6.1587554 | H45: 6.7 | I45: 2
A46: 44805 | C46: 7.183292 | D46: 115.686 | E46: 298.284 | F46: =4*(D46/D43*100-100) -> 4.86102 | G46: =4*(E46/E43*100-100) -> 5.8672255 | H46: 6.3 | I46: 2
A47: 44835 | C47: 6.971694 | D47: 116.087 | E47: 299.351 | F47: =4*(D47/D44*100-100) -> 5.423717 | G47: =4*(E47/E44*100-100) -> 5.8239989 | H47: 6.4 | I47: 2
A48: 44866 | C48: 6.466939 | D48: 116.417 | E48: 300.292 | F48: =4*(D48/D45*100-100) -> 4.3731221 | G48: =4*(E48/E45*100-100) -> 5.0214284 | H48: 6.4 | I48: 2
A49: 44896 | C49: 5.775383 | D49: 116.868 | E49: 301.423 | F49: =4*(D49/D46*100-100) -> 4.086925 | G49: =4*(E49/E46*100-100) -> 4.2094112 | H49: 6.1 | I49: 2
A50: 44927 | C50: 5.967903 | D50: 117.461 | E50: 302.709 | F50: =4*(D50/D47*100-100) -> 4.7343802 | G50: =4*(E50/E47*100-100) -> 4.4870403 | H50: 6.1 | I50: 2
A51: 44958 | C51: 6.262574 | D51: 117.883 | E51: 304.124 | F51: =4*(D51/D48*100-100) -> 5.037065 | G51: =4*(E51/E48*100-100) -> 5.1043651 | H51: 6.1 | I51: 2
A52: 44986 | C52: 5.694005 | D52: 118.279 | E52: 305.112 | F52: =4*(D52/D49*100-100) -> 4.8293802 | G52: =4*(E52/E49*100-100) -> 4.8954459 | H52: 6.4 | I52: 2
A53: 45017 | C53: 5.512975 | D53: 118.642 | E53: 306.539 | F53: =4*(D53/D50*100-100) -> 4.0217604 | G53: =4*(E53/E50*100-100) -> 5.0609661 | H53: 6.1 | I53: 2
A54: 45047 | C54: 4.501094 | D54: 118.984 | E54: 307.646 | F54: =4*(D54/D51*100-100) -> 3.7359076 | G54: =4*(E54/E51*100-100) -> 4.632321 | H54: 6 | I54: 2
A55: 45078 | B55: 2023 | C55: 4.247277 | D55: 119.189 | E55: 308.245 | F55: =4*(D55/D52*100-100) -> 3.0774694 | G55: =4*(E55/E52*100-100) -> 4.1073442 | H55: 5.6 | I55: 2
A56: 45108 | C56: 3.618058 | D56: 119.332 | E56: 308.945 | F56: =4*(D56/D53*100-100) -> 2.3263263 | G56: =4*(E56/E53*100-100) -> 3.1395679 | H56: 5.7 | I56: 2
A57: 45139 | C57: 3.803038 | D57: 119.449 | E57: 309.656 | F57: =4*(D57/D54*100-100) -> 1.5632354 | G57: =4*(E57/E54*100-100) -> 2.6133933 | H57: 5.3 | I57: 2
A58: 45170 | C58: 4.381205 | D58: 119.842 | E58: 310.644 | F58: =4*(D58/D55*100-100) -> 2.1914774 | G58: =4*(E58/E55*100-100) -> 3.1131081 | H58: 5.2 | I58: 2
A59: 45200 | C59: 4.523102 | D59: 120.015 | E59: 311.39 | F59: =4*(D59/D56*100-100) -> 2.2894111 | G59: =4*(E59/E56*100-100) -> 3.165612 | H59: 5.2 | I59: 2
A60: 45231 | C60: 4.277518 | D60: 120.122 | E60: 312.349 | F60: =4*(D60/D57*100-100) -> 2.2536815 | G60: =4*(E60/E57*100-100) -> 3.4786989 | H60: 5.2 | I60: 2
A61: 45261 | C61: 3.991216 | D61: 120.305 | E61: 313.209 | F61: =4*(D61/D58*100-100) -> 1.5453681 | G61: =4*(E61/E58*100-100) -> 3.3028161 | H61: 5.2 | I61: 2
A62: 45292 | B62: 2024 | C62: 4.7878985 | D62: 120.913 | E62: 314.438 | F62: =4*(D62/D59*100-100) -> 2.9929592 | G62: =4*(E62/E59*100-100) -> 3.9153473 | H62: 5 | I62: 2
A63: 45323 | C63: 5 | D63: 121.224 | E63: 315.565 | F63: =4*(D63/D60*100-100) -> 3.6696026 | G63: =4*(E63/E60*100-100) -> 4.11847 | H63: 5 | I63: 2
A64: 45352 | C64: 5.2 | D64: 121.629 | E64: 316.698 | F64: =4*(D64/D61*100-100) -> 4.4021445 | G64: =4*(E64/E61*100-100) -> 4.4558107 | H64: 4.7 | I64: 2
A65: 45383 | C65: 4.5 | D65: 121.939 | E65: 317.622 | F65: =4*(D65/D62*100-100) -> 3.394176 | G65: =4*(E65/E62*100-100) -> 4.050401 | H65: 5.3 | I65: 2
A66: 45413 | C66: 4 | D66: 122.063 | E66: 318.14 | F66: =4*(D66/D63*100-100) -> 2.7684287 | G66: =4*(E66/E63*100-100) -> 3.2639868 | H66: 5.3 | I66: 2
A67: 45444 | C67: 3.2 | D67: 122.262 | E67: 318.346 | F67: =4*(D67/D64*100-100) -> 2.0817404 | G67: =4*(E67/E64*100-100) -> 2.0814783 | H67: 5.3 | I67: 2
A68: 45474 | C68: 2.7 | D68: 122.459 | E68: 318.872 | F68: =4*(D68/D65*100-100) -> 1.7057709 | G68: =4*(E68/E65*100-100) -> 1.5741983 | H68: 4.7 | I68: 2

Sheet Figure 3.A.3
A1: Date | B1: Early 2024 (Feb. 7) | C1: Mid-2024 (Jun. 5) | D1: Latest Estimate (Sep. 4) | E1: Fed Dot Plot
A2: 45536 | B2: 443 | C2: 507 | D2: 486.73
A3: 45627 | B3: 409 | C3: 481 | D3: 412.43 | E3: 489
A4: 45717 | B4: 380 | C4: 453 | D4: 357.43
A5: 45809 | B5: 359 | C5: 429 | D5: 325.97
A6: 45901 | B6: 347 | C6: 411 | D6: 309.05
A7: 45992 | C7: 398 | D7: 300.05 | E7: 425
A8: 46082 | C8: 389 | D8: 295.67
A9: 46174 | C9: 383 | D9: 294.35
A10: 46266 | C10: 379 | D10: 295.07
A11: 46357 | C11: 376 | D11: 296.5 | E11: 404
B14: Figure 3.A.3: Market Expectations of FED Funds Rate Path
B16: Basis Points

Sheet Figure 3.A.4
A1: Time | B1: Gross domestic product at market prices | C1: Final Consumption | D1: GFCF | E1: Domestic Demand | F1: Exports | G1: Imports | H1: Inventories (Residual)
A2: 2022/1 | B2: 0.65 | C2: 0.06 | D2: -0.12 | E2: -0.06 | F2: 0.83 | G2: -0.12 | H2: 0
A3: 2022/2 | B3: 0.81 | C3: 0.36 | D3: 0.12 | E3: 0.48 | F3: 1 | G3: -0.85 | H3: 0.18
A4: 2022/3 | B4: 0.46 | C4: 0.64 | D4: 0.28 | E4: 0.92 | F4: 0.64 | G4: -1.14 | H4: 0.04
A5: 2022/4 | B5: -0.09 | C5: -0.28 | D5: -0.09 | E5: -0.37 | F5: -0.18 | G5: 0.54 | H5: -0.08
A6: 2023/1 | B6: 0.09 | C6: -0.02 | D6: 0.12 | E6: =C6+D6 -> 0.1 | F6: -0.18 | G6: 0.61 | H6: -0.44
A7: 2023/2 | B7: 0.12 | C7: 0.13 | D7: 0.04 | E7: =C7+D7 -> 0.17 | F7: -0.54 | G7: 0.11 | H7: 0.38
A8: 2023/3 | B8: 0.01 | C8: 0.34 | D8: 0.01 | E8: =C8+D8 -> 0.35 | F8: -0.6 | G8: 0.8 | H8: -0.54
A9: 2023/4 | B9: -0.06 | C9: 0.22 | D9: 0.19 | E9: =C9+D9 -> 0.41 | F9: 0.2 | G9: -0.2 | H9: -0.47
A10: 2024/1 | B10: 0.31 | C10: 0.09 | D10: -0.34 | E10: =C10+D10 -> -0.25 | F10: 0.6 | G10: 0.3 | H10: -0.34
A11: 2024/2 | B11: 0.2 | C11: 0 | D11: -0.5 | E11: =C11+D11 -> -0.5 | F11: 0.7 | G11: -0.2 | H11: 0.2
A13: Figure 3.A.4: Real GDP by Expenditure Components
A14: Percent, QoQ

Sheet Figure 3.A.5
B1: Composite PMI | C1: Manufacturing PMI | D1: Services PMI | E1: Breakeven Point | G1: Figure 3.A.5: Composite Purchasing Managers Index (PMI), Euro Area
A2: 2022-10 | B2: 47.3 | C2: 46.4 | D2: 48.6 | E2: 50
A3: 2022-11 | B3: 47.8 | C3: 47.1 | D3: 48.5 | E3: 50 | G3: Index, Growth Over Previous Period if >50
A4: 2022-12 | B4: 49.3 | C4: 47.8 | D4: 49.8 | E4: 50 | Q4: 2021-04
A5: 2023-01 | B5: 50.3 | C5: 48.8 | D5: 50.8 | E5: 50 | Q5: 2021-05
A6: 2023-02 | B6: 52 | C6: 48.5 | D6: 52.7 | E6: 50 | Q6: 2021-06
A7: 2023-03 | B7: 53.7 | C7: 47.3 | D7: 55 | E7: 50 | Q7: 2021-07
A8: 2023-04 | B8: 54.1 | C8: 45.8 | D8: 56.2 | E8: 50 | Q8: 2021-08
A9: 2023-05 | B9: 52.8 | C9: 44.8 | D9: 55.1 | E9: 50 | Q9: 2021-09
A10: 2023-06 | B10: 49.9 | C10: 43.4 | D10: 52 | E10: 50 | Q10: 2021-10
A11: 2023-07 | B11: 48.6 | C11: 42.7 | D11: 50.9 | E11: 50 | Q11: 2021-11
A12: 2023-08 | B12: 46.7 | C12: 43.5 | D12: 47.9 | E12: 50 | Q12: 2021-12
A13: 2023-09 | B13: 47.2 | C13: 43.4 | D13: 48.7 | E13: 50 | Q13: 2022-01
A14: 2023-10 | B14: 46.5 | C14: 43.1 | D14: 47.8 | E14: 50 | Q14: 2022-02
A15: 2023-11 | B15: 47.1 | C15: 44.2 | D15: 48.2 | E15: 50 | Q15: 2022-03
... A24: 2024-08 | B24: 51 | C24: 45.8 | D24: 52.9 | E24: 50 | Q24: 2022-12
Q25: 2023-01
Q26: 2023-02
Q27: 2023-03
Q28: 2023-04
Q29: 2023-05
Q30: 2023-06
Q31: 2023-07
Q32: 2023-08
Q33: 2023-09
Q34: 2023-10
Q35: 2023-11
Q36: 2023-12
... Q40: 2024-04

Sheet Figure 3.A.6
B1: Services Inflation | C1: Core Inflation | D1: Inflation Expectations | G1: Figure 3.A.5: Underlying Inflation Measures
A2: 2019-01 | B2: 1.6 | C2: 1.1 | E2: 2 | G2: Year-on-Year Percent Change
A3: 2019-02 | B3: 1.4 | C3: 1 | E3: 2
A4: 2019-03 | B4: 1.1 | C4: 0.8 | E4: 2
A5: 2019-04 | B5: 1.9 | C5: 1.3 | E5: 2
A6: 2019-05 | B6: 1 | C6: 0.8 | E6: 2
A7: 2019-06 | B7: 1.6 | C7: 1.1 | E7: 2
A8: 2019-07 | B8: 1.2 | C8: 0.9 | E8: 2
A9: 2019-08 | B9: 1.3 | C9: 0.9 | E9: 2
A10: 2019-09 | B10: 1.5 | C10: 1 | E10: 2
A11: 2019-10 | B11: 1.5 | C11: 1.1 | E11: 2
A12: 2019-11 | B12: 1.9 | C12: 1.3 | E12: 2
A13: 2019-12 | B13: 1.8 | C13: 1.3 | E13: 2
A14: 2020-01 | B14: 1.5 | C14: 1.1 | E14: 2
A15: 2020-02 | B15: 1.6 | C15: 1.2 | E15: 2
A16: 2020-03 | B16: 1.3 | C16: 1 | D16: 2.8 | E16: 2
A17: 2020-04 | B17: 1.2 | C17: 0.9 | D17: 2.5 | E17: 2
A18: 2020-05 | B18: 1.3 | C18: 0.9 | D18: 2.1 | E18: 2
A19: 2020-06 | B19: 1.2 | C19: 0.8 | D19: 2 | E19: 2
A20: 2020-07 | B20: 0.9 | C20: 1.2 | D20: 2 | E20: 2
A21: 2020-08 | B21: 0.7 | C21: 0.4 | D21: 2 | E21: 2
A22: 2020-09 | B22: 0.5 | C22: 0.2 | D22: 1.9 | E22: 2
A23: 2020-10 | B23: 0.4 | C23: 0.2 | D23: 2 | E23: 2
A24: 2020-11 | B24: 0.6 | C24: 0.2 | D24: 1.9 | E24: 2
A25: 2020-12 | B25: 0.7 | C25: 0.2 | D25: 1.9 | E25: 2
A26: 2021-01 | B26: 1.4 | C26: 1.4 | D26: 1.9 | E26: 2
A27: 2021-02 | B27: 1.2 | C27: 1.1 | D27: 2 | E27: 2
... A68: 2024-07 | B68: 4 | C68: 2.9 | D68: 2.8 | E68: 2
A69: 2024-08 | B69: 4.2 | C69: 2.8 | E69: 2

Sheet Figure 3.A.7
A1: date | B1: GDP, % YoY | D1: Figure 3.A.7: Real GDP by Expenditure Components
A2: 2019/1 | B2: 1.3873998
A3: 2019/2 | B3: 1.3563586
A4: 2019/3 | B4: 2.7663624
A5: 2019/4 | B5: 3.0683914
A6: 2020/1 | B6: 1.5143501
A7: 2020/2 | B7: -7.3170273
A8: 2020/3 | B8: -3.3297922
A9: 2020/4 | B9: -1.3028814
A10: 2021/1 | B10: 0.54895665
A11: 2021/2 | B11: 11.232294
A12: 2021/3 | B12: 4.9642267
A13: 2021/4 | B13: 5.795068
... A23: 2024/2* | B23: 4

Sheet Figure 3.A.8
C1: Real Wage Growth (LHS) | D1: Unemployment Rate (RHS) | F1: Figure 3.A.8: Unemployment Rate and Wage Growth
A2: 40939 | C2: 10.5 | D2: 6.6 | F2: LHS: Percent, YoY , RHS: Percent
A3: 40968 | C3: 12.1 | D3: 6.5
A4: 40999 | C4: 9 | D4: 6.5
A5: 41029 | C5: 11.1 | D5: 5.8
A6: 41060 | C6: 12.4 | D6: 5.4
A7: 41090 | C7: 10.2 | D7: 5.4
A8: 41121 | C8: 8.1 | D8: 5.4
A9: 41152 | C9: 6 | D9: 5.2
A10: 41182 | C10: 4.7 | D10: 5.2
A11: 41213 | C11: 7.1 | D11: 5.3
A12: 41243 | C12: 6.7 | D12: 5.4
A13: 41274 | C13: 5 | D13: 5.3
A14: 41305 | C14: 5.4 | D14: 6
... A90: 43616 | C90: 1.6 | D90: 4.5
A91: 43646 | B91: 2019 | C91: 2.9 | D91: 4.4
A92: 43677 | C92: 3 | D92: 4.5
A93: 43708 | C93: 2.4 | D93: 4.3
A94: 43738 | C94: 3.1 | D94: 4.5
A95: 43769 | C95: 3.8 | D95: 4.6
A96: 43799 | C96: 2.7 | D96: 4.6
A97: 43830 | C97: 6.9 | D97: 4.6
A98: 43861 | C98: 6.5 | D98: 4.7
A99: 43890 | C99: 5.7 | D99: 4.6
A100: 43921 | C100: 5.9 | D100: 4.7
A101: 43951 | C101: -2 | D101: 5.8
A102: 43982 | C102: 1 | D102: 6.1
A103: 44012 | B103: 2020 | C103: 0.6 | D103: 6.2
A104: 44043 | C104: 2.3 | D104: 6.3
A105: 44074 | C105: 0.1 | D105: 6.4
A106: 44104 | C106: 2.2 | D106: 6.3
A107: 44135 | C107: 0.5 | D107: 6.3
A108: 44165 | C108: 0.2 | D108: 6.1
A109: 44196 | C109: 4.6 | D109: 5.9
A110: 44227 | C110: 0.1 | D110: 5.8
A111: 44255 | C111: 2 | D111: 5.7
A112: 44286 | C112: 1.8 | D112: 5.4
A113: 44316 | C113: 7.8 | D113: 5.2
A114: 44347 | C114: 3.3 | D114: 4.9
A115: 44377 | B115: 2021 | C115: 4.9 | D115: 4.8
A116: 44408 | C116: 2.2 | D116: 4.5
A117: 44439 | C117: 1.5 | D117: 4.4
A118: 44469 | C118: 2 | D118: 4.3
A119: 44500 | C119: 0.6 | D119: 4.3
A120: 44530 | C120: 3.4 | D120: 4.3
A121: 44561 | C121: 3.6 | D121: 4.3
A122: 44592 | C122: 1.9 | D122: 4.4
A123: 44620 | C123: 2.6 | D123: 4.1
A124: 44651 | C124: 3.6 | D124: 4.1
A125: 44681 | C125: -7.2 | D125: 4
A126: 44712 | C126: -6.1 | D126: 3.9
A127: 44742 | B127: 2022 | C127: -3.2 | D127: 3.9
A128: 44773 | C128: -3.2 | D128: 3.9
A129: 44804 | C129: -1.2 | D129: 3.8
A130: 44834 | C130: -1.4 | D130: 3.9
A131: 44865 | C131: 0.4 | D131: 3.9
A132: 44895 | C132: 0.3 | D132: 3.7
A133: 44926 | C133: 0.6 | D133: 3.7
A134: 44957 | C134: 0.6 | D134: 3.6
A135: 44985 | C135: 2 | D135: 3.5
A136: 45016 | C136: 2.7 | D136: 3.5
A137: 45046 | C137: 10.4 | D137: 3.3
A138: 45077 | C138: 13.3 | D138: 3.2
A139: 45107 | B139: 2023 | C139: 10.5 | D139: 3.1
A140: 45138 | C140: 9.2 | D140: 3
A141: 45169 | C141: 9.5 | D141: 3
A142: 45199 | C142: 7.2 | D142: 3
A143: 45230 | C143: 9.9 | D143: 2.9
A144: 45260 | C144: 7.2 | D144: 2.9
A145: 45291 | C145: 8.5 | D145: 3
A146: 45322 | B146: 2024 | C146: 8.5 | D146: 2.9
A147: 45351 | C147: 10.8 | D147: 2.8
A148: 45382 | C148: 12.9 | D148: 2.7
A149: 45412 | C149: 8.5 | D149: 2.6
A150: 45442 | C150: 8.8 | D150: 2.6
A151: 45473 | C151: 6.2 | D151: 2.4
A152: 45503 | D152: 2.4

Sheet Figure 3.A.9
B1: 2021/1 | C1: 2021/2 | D1: 2021/3 | E1: 2021/4 | F1: 2022/1 | G1: 2022/2 | H1: 2022/3 | I1: 2022/4 | J1: 2023/1 | K1: 2023/2 | L1: 2023/3 | M1: 2023/4 | N1: 2024/1* | O1: 2024/2*
A2: Total Budget Revenues | B2: 52.999 | C2: 59.658468 | D2: 66.581012 | E2: 73.62506 | F2: 71.631225 | G2: 56.789397 | H2: 57.221199 | I2: 80.851558 | J2: 56.789397 | K2: 67.026482 | L2: 73.52883 | M2: 93.895827 | N2: 87.192694 | O2: 83.74
A3: Oil & Gas Revenues | B3: 16.18 | C3: 21.58 | D3: 24.087682 | E3: 28.717385 | F3: 29.743037 | G3: 56.799397 | H3: 21.306485 | I3: 30.796286 | J3: 16.348718 | K3: 17.467415 | L3: 21.938668 | M3: 32.467714 | N3: 29.283511 | O3: 27.7
A4: Non-oil & Gas Revenues | B4: 36.819235 | C4: 38.078468 | D4: 42.49333 | E4: 44.907675 | F4: 41.888187 | G4: 56.809397 | H4: 35.914714 | I4: 50.055272 | J4: 40.440679 | K4: 49.559067 | L4: 51.590162 | M4: 61.428113 | N4: 57.909182 | O4: 56.04
A5: Total Expenditures | B5: 50.132741 | C5: 54.778342 | D5: 58.077801 | E5: 84.63212 | F5: 58.596352 | G5: 66.751612 | H5: 70.017889 | I5: 115.82442 | J5: 77.646978 | K5: 69.670506 | L5: 64.528495 | M5: 111.69151 | N5: 93.263375 | O5: 86.96
A6: Figure 3.A.9: Russian budget revenues and expenditures
A7: Trillion Russian Ruble

Sheet Figure 3.A.10
C1: Copper Price | F1: Figure 3.A.10: Copper Prices
A2: 44197 | C2: 7972.1475 | F2: USD per Metric Ton
A3: 44228 | C3: 8470.94
A4: 44256 | C4: 8988.2478
A5: 44287 | C5: 9324.8175
A6: 44317 | C6: 10166.285
A7: 44348 | B7: 2021 | C7: 9631.5
A8: 44378 | C8: 9450.8205
A9: 44409 | C9: 9370.1386
A10: 44440 | C10: 9324.7095
A11: 44470 | C11: 9829.219
A12: 44501 | C12: 9728.9045
A13: 44531 | C13: 9551.18
A14: 44562 | C14: 9782.3375
A15: 44593 | C15: 9943.175
A16: 44621 | C16: 10230.894
A17: 44652 | C17: 10174.348
A18: 44682 | C18: 9395.0273
A19: 44713 | B19: 2022 | C19: 9067.5518
A20: 44743 | C20: 7544.8095
A21: 44774 | C21: 7990.8122
A22: 44805 | C22: 7746.0114
A23: 44835 | C23: 7651.0829
A24: 44866 | C24: 8049.8614
A25: 44896 | C25: 8371.0914
A26: 44927 | C26: 9007.3464
A27: 44958 | C27: 8936.587
A28: 44986 | C28: 8856.3109
A29: 45017 | C29: 8809.1575
A30: 45047 | C30: 8243.1561
A31: 45078 | B31: 2023 | C31: 8396.5177
A32: 45108 | C32: 8476.679
A33: 45139 | C33: 8347.8283
A34: 45170 | C34: 8276.7138
A35: 45200 | C35: 7941.3559
A36: 45231 | C36: 8189.5877
A37: 45261 | C37: 8407.9005 | D37: 8407.9005
A38: 45292 | B38: 2024 | C38: 8351.3396 | D38: 8351.3396
A39: 45323 | C39: 8304.9505
A40: 45352 | C40: 8692.8191
A41: 45383 | C41: 9445.5936
A42: 45413 | C42: 10117
A43: 45444 | C43: 9648
A44: 45474 | C44: 9385
A45: 45505 | C45: 8971

Sheet Figure 3.A.11
C1: Brent Oil Price | F1: Figure 3.A.11: Brent Crude Oil Prices
A2: 44197 | C2: 55.224762 | F2: USD per Barrel
A3: 44228 | C3: 62.3625
A4: 44256 | C4: 65.796087
A5: 44287 | C5: 65.531818
A6: 44317 | C6: 68.375238
A7: 44348 | B7: 2021 | C7: 73.512727
A8: 44378 | C8: 74.403182
A9: 44409 | C9: 70.588182
A10: 44440 | C10: 74.749545
A11: 44470 | C11: 83.865238
A12: 44501 | C12: 80.890455
A13: 44531 | C13: 74.678261
A14: 44562 | C14: 85.622381
A15: 44593 | C15: 94.267
A16: 44621 | C16: 112.44
A17: 44652 | C17: 106.15571
A18: 44682 | C18: 112.11364
A19: 44713 | B19: 2022 | C19: 117.69273
A20: 44743 | C20: 105.25286
A21: 44774 | C21: 97.643043
A22: 44805 | C22: 90.608182
A23: 44835 | C23: 93.718571
A24: 44866 | C24: 90.938636
A25: 44896 | C25: 81.503182
A26: 44927 | C26: 84.081818
A27: 44958 | C27: 83.6325
A28: 44986 | C28: 79.256522
A29: 45017 | C29: 83.536
A30: 45047 | C30: 75.747391
A31: 45078 | B31: 2023 | C31: 74.975
A32: 45108 | C32: 80.109048
A33: 45139 | C33: 85.168261
A34: 45170 | C34: 92.673333
A35: 45200 | C35: 88.947727
A36: 45231 | C36: 82.186364
A37: 45261 | C37: 77.540952 | D37: 77.540952
A38: 45292 | B38: 2024 | C38: 79.11 | D38: 79.11
A39: 45323 | C39: 81.795714
A40: 45352 | C40: 84.961429
A41: 45383 | C41: 88.974545
A42: 45413 | C42: 81.91
A43: 45444 | C43: 82.25
A44: 45474 | C44: 85.15
A45: 45505 | C45: 80.36

Sheet Figure 3.A.12
A1: FAO Food Price Index | J1: Figure 3.A.12: FAO Food Prices
A2: 2014-2016=100 | J2: 2014-2016 = 100
A3: Date | C3: Food Price Index | D3: Meat | E3: Dairy | F3: Cereals | G3: Oils | H3: Sugar
A4: 2014-01 | C4: 116.2 | D4: 103.2 | E4: 156.2 | F4: 117 | G4: 115.58 | H4: 96.7
A5: 2014-02 | C5: 118.5 | D5: 103.6 | E5: 156.4 | F5: 119.7 | G5: 120.84 | H5: 102.6
A6: 2014-03 | C6: 122.1 | D6: 106.2 | E6: 154.8 | F6: 125.4 | G6: 125.38 | H6: 110.8
A7: 2014-04 | C7: 121.5 | D7: 109.7 | E7: 147.3 | F7: 125.5 | G7: 121.53 | H7: 109
A8: 2014-05 | C8: 121.3 | D8: 112.1 | E8: 141.8 | F8: 125.2 | G8: 119.18 | H8: 113.1
A9: 2014-06 | C9: 119.3 | D9: 116.2 | E9: 136.1 | F9: 118.7 | G9: 115.22 | H9: 112.5
A10: 2014-07 | C10: 116.4 | D10: 117.8 | E10: 130.2 | F10: 112.2 | G10: 110.63 | H10: 113
A11: 2014-08 | C11: 113 | D11: 119.2 | E11: 120.6 | F11: 110.4 | G11: 101.65 | H11: 106.6
A12: 2014-09 | C12: 109.3 | D12: 117.9 | E12: 110.8 | F12: 107.4 | G12: 98.55 | H12: 99.5
A13: 2014-10 | C13: 109.4 | D13: 117.2 | E13: 107.1 | F13: 108.2 | G13: 100.09 | H13: 103.6
A14: 2014-11 | C14: 108.2 | D14: 115.1 | E14: 102.6 | F14: 109.3 | G14: 100.85 | H14: 100.2
A15: 2014-12 | C15: 105.1 | D15: 108.8 | E15: 98.5 | F15: 110.9 | G15: 97.89 | H15: 94.8
... A68: 2019-05 | C68: 94.3 | D68: 100.5 | E68: 106.6 | F68: 94.4 | G68: 78.5 | H68: 76.7
A69: 2019-06 | B69: 2019 | C69: 95.4 | D69: 101.2 | E69: 102.9 | F69: 99.2 | G69: 77.46 | H69: 79.9
A70: 2019-07 | C70: 95.1 | D70: 102.4 | E70: 101.1 | F70: 97.6 | G70: 78.09 | H70: 79.4
A71: 2019-08 | C71: 94.1 | D71: 102.3 | E71: 100.3 | F71: 92.6 | G71: 82.59 | H71: 76.2
A72: 2019-09 | C72: 93.4 | D72: 101 | E72: 99.6 | F72: 91.8 | G72: 83.89 | H72: 73.5
A73: 2019-10 | C73: 95.2 | D73: 101.6 | E73: 100.8 | F73: 96 | G73: 84.11 | H73: 77.8
A74: 2019-11 | C74: 98.6 | D74: 106.5 | E74: 102.5 | F74: 95.6 | G74: 93.16 | H74: 79.2
A75: 2019-12 | C75: 101 | D75: 106.6 | E75: 103.5 | F75: 97.4 | G75: 101.5 | H75: 83
A76: 2020-01 | C76: 102.5 | D76: 103.6 | E76: 103.8 | F76: 100.7 | G76: 108.73 | H76: 87.5
A77: 2020-02 | C77: 99.4 | D77: 100.5 | E77: 102.9 | F77: 99.6 | G77: 97.55 | H77: 91.4
A78: 2020-03 | C78: 95.2 | D78: 99.4 | E78: 101.5 | F78: 98 | G78: 85.42 | H78: 73.9
A79: 2020-04 | C79: 92.5 | D79: 96.9 | E79: 95.8 | F79: 99.6 | G79: 81.18 | H79: 63.2
A80: 2020-05 | C80: 91.1 | D80: 95.4 | E80: 94.4 | F80: 98 | G80: 77.77 | H80: 67.8
A81: 2020-06 | B81: 2020 | C81: 93.3 | D81: 94.8 | E81: 98.3 | F81: 97.3 | G81: 86.61 | H81: 74.9
A82: 2020-07 | C82: 94 | D82: 92.2 | E82: 101.8 | F82: 97.3 | G82: 93.2 | H82: 76
A83: 2020-08 | C83: 95.9 | D83: 92.2 | E83: 102.1 | F83: 99.2 | G83: 98.7 | H83: 81.1
A84: 2020-09 | C84: 98 | D84: 91.5 | E84: 102.3 | F84: 104.3 | G84: 104.6 | H84: 79
A85: 2020-10 | C85: 101.4 | D85: 91.8 | E85: 104.5 | F85: 112.1 | G85: 106.45 | H85: 84.7
A86: 2020-11 | C86: 105.6 | D86: 93.3 | E86: 105.4 | F86: 114.8 | G86: 121.9 | H86: 87.5
A87: 2020-12 | C87: 108.6 | D87: 94.8 | E87: 109.2 | F87: 116.4 | G87: 131.2 | H87: 87.1
A88: 2021-01 | C88: 113.5 | D88: 96 | E88: 111.1 | F88: 125 | G88: 138.87 | H88: 94.2
A89: 2021-02 | C89: 116.5 | D89: 97.8 | E89: 112.9 | F89: 126.1 | G89: 147.46 | H89: 100.2
A90: 2021-03 | C90: 119.2 | D90: 100.8 | E90: 117.3 | F90: 123.9 | G90: 159.3 | H90: 96.2
A91: 2021-04 | C91: 122.1 | D91: 104.3 | E91: 119 | F91: 126.2 | G91: 162.19 | H91: 100
A92: 2021-05 | C92: 128.1 | D92: 107.4 | E92: 121.2 | F92: 133.7 | G92: 174.9 | H92: 106.8
A93: 2021-06 | B93: 2021 | C93: 125.3 | D93: 110.7 | E93: 120.1 | F93: 130.3 | G93: 157.7 | H93: 107.7
A94: 2021-07 | C94: 124.6 | D94: 114.1 | E94: 117.2 | F94: 126.3 | G94: 155.5 | H94: 109.6
A95: 2021-08 | C95: 128.1 | D95: 113.4 | E95: 117.1 | F95: 130.4 | G95: 165.9 | H95: 120.5
A96: 2021-09 | C96: 129.3 | D96: 112.7 | E96: 119.2 | F96: 132.8 | G96: 168.6 | H96: 121.2
A97: 2021-10 | C97: 133.4 | D97: 112 | E97: 122.7 | F97: 137.1 | G97: 184.8 | H97: 119.1
A98: 2021-11 | C98: 135.5 | D98: 112.5 | E98: 127.3 | F98: 141.4 | G98: 184.6 | H98: 120.2
A99: 2021-12 | C99: 133.9 | D99: 111 | E99: 130.4 | F99: 140.5 | G99: 178.5 | H99: 116.4
A100: 2022-01 | C100: 135.8 | D100: 112.1 | E100: 134.4 | F100: 140.6 | G100: 185.9 | H100: 112.7
A101: 2022-02 | C101: 141.7 | D101: 113.9 | E101: 145 | F101: 145.3 | G101: 201.7 | H101: 110.5
A102: 2022-03 | C102: 160.3 | D102: 119.3 | E102: 149.7 | F102: 170.1 | G102: 251.8 | H102: 117.9
A103: 2022-04 | C103: 159 | D103: 121.9 | E103: 150.9 | F103: 169.7 | G103: 237.5 | H103: 121.5
A104: 2022-05 | C104: 158.8 | D104: 122.9 | E104: 149.8 | F104: 173.5 | G104: 229.2 | H104: 120.4
A105: 2022-06 | B105: 2022 | C105: 155.8 | D105: 125.9 | E105: 158.2 | F105: 166.3 | G105: 211.8 | H105: 117.3
A106: 2022-07 | C106: 141.8 | D106: 124.1 | E106: 155.5 | F106: 147.3 | G106: 168.8 | H106: 112.8
A107: 2022-08 | C107: 138.9 | D107: 121.1 | E107: 153 | F107: 145.6 | G107: 163.3 | H107: 110.5
A108: 2022-09 | C108: 137.5 | D108: 120.3 | E108: 152.8 | F108: 147.9 | G108: 152.6 | H108: 109.7
A109: 2022-10 | C109: 136.8 | D109: 116.8 | E109: 149.2 | F109: 152.3 | G109: 151.3 | H109: 108.6
A110: 2022-11 | C110: 136.1 | D110: 114.6 | E110: 147.3 | F110: 150.1 | G110: 154.7 | H110: 114.4
A111: 2022-12 | C111: 133.3 | D111: 112.4 | E111: 148.5 | F111: 147.3 | G111: 144.6 | H111: 117.2
A112: 2023-01 | C112: 131.6 | D112: 111.1 | E112: 144.7 | F112: 147.5 | G112: 140.4 | H112: 116.8
A113: 2023-02 | C113: 131.1 | D113: 113.3 | E113: 138.6 | F113: 146.7 | G113: 135.9 | H113: 125.2
A114: 2023-03 | C114: 128.2 | D114: 114.7 | E114: 135.3 | F114: 138.6 | G114: 131.8 | H114: 127
A115: 2023-04 | C115: 128.7 | D115: 116.8 | E115: 129.2 | F115: 136.1 | G115: 130 | H115: 149.4
A116: 2023-05 | C116: 124.7 | D116: 118.1 | E116: 121.7 | F116: 129.3 | G116: 118.7 | H116: 157.2
A117: 2023-06 | B117: 2023 | C117: 123.1 | D117: 119 | E117: 119.9 | F117: 126.6 | G117: 115.8 | H117: 152.2
A118: 2023-07 | C118: 124.6 | D118: 118.5 | E118: 119.1 | F118: 125.9 | G118: 129.8 | H118: 146.3
A119: 2023-08 | C119: 122 | D119: 115.2 | E119: 114.3 | F119: 125 | G119: 125.8 | H119: 148.2
A120: 2023-09 | C120: 121.9 | D120: 114.1 | E120: 112 | F120: 126.3 | G120: 120.9 | H120: 162.7
A121: 2023-10 | C121: 120.9 | D121: 112.5 | E121: 114.7 | F121: 124.8 | G121: 120 | H121: 159.2
A122: 2023-11 | C122: 120.8 | D122: 112 | E122: 116.5 | F122: 121 | G122: 124.1 | H122: 161.4
A123: 2023-12 | C123: 119.1 | D123: 111.3 | E123: 118.8 | F123: 122.8 | G123: 122.3 | H123: 134.2
A124: 2024-01 | B124: 2024 | C124: 117.7 | D124: 109 | E124: 118.7 | F124: 119.9 | G124: 122.5 | H124: 136.4
A125: 2024-02 | C125: 117.4 | D125: 112.5 | E125: 120.7 | F125: 113.8 | G125: 120.9 | H125: 140.8
A126: 2024-03 | C126: 119 | D126: 115 | E126: 124 | F126: 110.9 | G126: 130.6 | H126: 133.4
A127: 2024-04 | C127: 119.29024 | D127: 116.69493 | E127: 123.76597 | F127: 111.61606 | G127: 130.89849 | H127: 126.61553
A128: 2024-05 | C128: 120.6382 | D128: 117.12188 | E128: 126.27745 | F128: 118.67478 | G128: 127.82155 | H128: 117.10481
A129: 2024-06 | C129: 121.15121 | D129: 118.56299 | E129: 127.85826 | F129: 115.16507 | G129: 131.81119 | H129: 119.36223
A130: 2024-07 | C130: 121.02649 | D130: 120.44255 | E130: 127.85795 | F130: 110.68277 | G130: 135.00057 | H130: 119.53645
A131: 2024-08 | C131: 120.71402 | D131: 119.54255 | E131: 130.6108 | F131: 110.08742 | G131: 136.0476 | H131: 113.86424

Sheet Figure 3.B.1
B1: 2022/1 | C1: 2022/2 | D1: 2022/3 | E1: 2022/4 | F1: 2023/1 | G1: 2023/2 | H1: 2023/3 | I1: 2023/4 | J1: 2024/1 | K1: 2024/2 | L1: Figure 3.B.1: : Contribution to Real GDP Growth by Production Approach
A2: GDP | B2: 9.0911843 | C2: 12.914282 | D2: 14.55806 | E2: 12.701908 | F2: 11.824889 | G2: 9.3283579 | H2: 7.4365652 | I2: 6.4175897 | J2: 6.618394 | K2: 6.3577051 | L2: Percent, Y-o-Y
A3: Taxes | B3: 1.2631601 | C3: -0.66580542 | D3: 1.9652982 | E3: 0.76957786 | F3: 1.4970826 | G3: 1.7311751 | H3: 0.76171016 | I3: 0.8514148 | J3: 0.063877268 | K3: -0.69535732
A4: Agriculture | B4: -0.30452947 | C4: -0.39571517 | D4: -0.35607801 | E4: -0.2578145 | F4: 0.14150892 | G4: 0.15022413 | H4: 0.6327901 | I4: 0.18568467 | J4: 0.18980938 | K4: 0.37989322
A5: Industry | B5: 0.64773009 | C5: 0.80251528 | D5: 2.1544568 | E5: 1.4770676 | F5: 0.53588398 | G5: -0.64136576 | H5: -0.80021882 | I5: -0.44895467 | J5: 1.4873844 | K5: 0.75360621
A6: Construction | B6: 0.36212331 | C6: 1.4022767 | D6: 1.3255684 | E6: 1.482652 | F6: 0.55503831 | G6: 1.0870996 | H6: 1.2452831 | I6: 1.2657402 | J6: 0.53765438 | K6: 1.0604139
A7: Services | B7: 7.1227002 | C7: 11.77101 | D7: 9.4688152 | E7: 9.2304252 | F7: 9.0953754 | G7: 7.0012249 | H7: 5.5970007 | I7: 4.5637047 | J7: 4.3396686 | K7: 4.8591491

Sheet Figure 3.B.2
B1: Real Expenses per Tourist | C1: Inbound Tourists | E1: Figure 3.B.2: Real Expenses per Tourist and Inbound Tourists Number
A2: 2017/1 | B2: 106.69578 | C2: 74.047969 | E2: Index: 2019 = 100, quarterly index
A3: 2017/2 | B3: 105.35282 | C3: 82.532846
A4: 2017/3 | B4: 104.44866 | C4: 80.525829
A5: 2017/4 | B5: 102.97361 | C5: 77.385352
A6: 2018/1 | B6: 100.30129 | C6: 86.605908
A7: 2018/2 | B7: 103.53 | C7: 85.877678
A8: 2018/3 | B8: 102.39544 | C8: 86.131012
A9: 2018/4 | B9: 102.11601 | C9: 90.532086
A10: 2019/1 | B10: 98.108681 | C10: 92.040159
A11: 2019/2 | B11: 101.05936 | C11: 101.63543
A12: 2019/3 | B12: 100.74526 | C12: 100.53999
A13: 2019/4 | B13: 100.30236 | C13: 104.90811
A14: 2020/1 | B14: 95.482425 | C14: 78.421799
... A31: 2024/2 | B31: 87.846458 | C31: 123.81203

Sheet Figure 3.B.3
C1: 4 | D1: 4 | F1: Figure 3.B.3: The Output Gap
B2: Output Gap | C2: Lower | D2: Upper | F2: Percent
A3: 2017/1 | B3: -3.8721968 | C3: =B3-C$1 -> -7.8721968 | D3: =SUM($C$1:$D$1) -> 8
A4: 2017/2 | B4: -2.0637451 | C4: =B4-C$1 -> -6.0637451 | D4: =SUM($C$1:$D$1) -> 8
A5: 2017/3 | B5: 2.1456905 | C5: =B5-C$1 -> -1.8543095 | D5: =SUM($C$1:$D$1) -> 8
A6: 2017/4 | B6: 0.60476665 | C6: =B6-C$1 -> -3.3952333 | D6: =SUM($C$1:$D$1) -> 8
A7: 2018/1 | B7: -1.8582804 | C7: =B7-C$1 -> -5.8582804 | D7: =SUM($C$1:$D$1) -> 8
A8: 2018/2 | B8: -1.3709722 | C8: =B8-C$1 -> -5.3709722 | D8: =SUM($C$1:$D$1) -> 8
A9: 2018/3 | B9: -0.84247222 | C9: =B9-C$1 -> -4.8424722 | D9: =SUM($C$1:$D$1) -> 8
A10: 2018/4 | B10: -2.4216868 | C10: =B10-C$1 -> -6.4216868 | D10: =SUM($C$1:$D$1) -> 8
A11: 2019/1 | B11: -5.5841384 | C11: =B11-C$1 -> -9.5841384 | D11: =SUM($C$1:$D$1) -> 8
A12: 2019/2 | B12: -3.3889328 | C12: =B12-C$1 -> -7.3889328 | D12: =SUM($C$1:$D$1) -> 8
A13: 2019/3 | B13: -0.73562412 | C13: =B13-C$1 -> -4.7356241 | D13: =SUM($C$1:$D$1) -> 8
A14: 2019/4 | B14: -0.37787515 | C14: =B14-C$1 -> -4.3778751 | D14: =SUM($C$1:$D$1) -> 8
... A33: 2024/3 | B33: 0.15 | C33: =B33-C$1 -> -3.85 | D33: =SUM($C$1:$D$1) -> 8

Sheet Figure 3.B.4
B1: 2022/1 | C1: 2022/2 | D1: 2022/3 | E1: 2022/4 | F1: 2023/1 | G1: 2023/2 | H1: 2023/3 | I1: 2023/4 | J1: 2024/1 | K1: 2024/2 | L1: Figure 3.B.4: Contribution to Real GDP Growth by Expenditure Approach
A2: GDP | B2: 9.0911843 | C2: 12.914282 | D2: 14.55806 | E2: 12.701908 | F2: 11.824889 | G2: 9.3283579 | H2: 7.4365652 | I2: 6.4175897 | J2: 6.618394 | K2: 6.3577051 | L2: Percent, YoY
A3: Private Consumption | B3: 6.0052821 | C3: 6.6401162 | D3: 7.3891751 | E3: -1.9301928 | F3: 4.2602753 | G3: 6.057775 | H3: 2.0383164 | I3: 3.3737651 | J3: 4.7681749 | K3: 6.1892563
A4: Public consumption | B4: -2.6132664 | C4: -0.54480951 | D4: -0.44324139 | E4: 1.3562639 | F4: 2.3891478 | G4: 3.3345419 | H4: 3.9297239 | I4: 3.2476805 | J4: -1.4031104 | K4: -2.2569207
A5: Fixed Assets | B5: 2.2014457 | C5: 4.9620167 | D5: 1.2851099 | E5: 3.5108807 | F5: 1.3492312 | G5: 2.8823459 | H5: 1.9821812 | I5: 2.2144496 | J5: 0.92589596 | K5: 3.2028406
A6: Export | B6: 0.83560805 | C6: 2.3484682 | D6: 7.3070119 | E6: 10.937071 | F6: 1.7279195 | G6: -2.585216 | H6: -0.17567459 | I6: 0.79434973 | J6: 0.51393488 | K6: -3.2555529
A7: Import | B7: -10.841661 | C7: -12.466781 | D7: -19.726014 | E7: -15.48541 | F7: -27.775147 | G7: -18.30249 | H7: -4.1331819 | I7: -15.507176 | J7: -52.483669
A8: Net Exports | B8: 0.83560805 | C8: 2.3484682 | D8: 7.3070119 | E8: 10.937071 | F8: 1.7279195 | G8: -2.585216 | H8: -0.17567459 | I8: 0.79434973 | J8: 0.51393488 | K8: -3.2555529

Sheet Figure 3.B.5
A1: Column1 | B1: Total | C1: Russia | D1: US | E1: Other
A2: 43131 | B2: 67.727838 | C2: 47.877418 | D2: 8.0579392 | E2: 11.792481 | H2: Figure 3.B.5: Remittances to Armenia by Source Country
A3: 43159 | B3: 80.87977 | C3: 57.894862 | D3: 9.3943924 | E3: 13.590515 | H3: Monthly Flow, Million USD
A4: 43190 | B4: 92.953389 | C4: 66.633763 | D4: 10.930538 | E4: 15.389088
A5: 43220 | B5: 82.429166 | C5: 58.740675 | D5: 9.7394744 | E5: 13.949017
A6: 43251 | B6: 104.52737 | C6: 76.982891 | D6: 11.675746 | E6: 15.868728
A7: 43281 | B7: 124.46063 | C7: 97.369283 | D7: 10.933413 | E7: 16.157933
A8: 43312 | B8: 132.73335 | C8: 104.3856 | D8: 11.41442 | E8: 16.933328
A9: 43343 | B9: 124.99487 | C9: 97.222037 | D9: 11.894481 | E9: 15.87835
A10: 43373 | B10: 107.64385 | C10: 80.846533 | D10: 11.216517 | E10: 15.580804
A11: 43404 | B11: 119.94931 | C11: 89.903196 | D11: 12.652084 | E11: 17.394029
A12: 43434 | B12: 106.645 | C12: 77.223959 | D12: 12.75013 | E12: 16.670913
A13: 43465 | B13: 115.8828 | C13: 81.996611 | D13: 16.017035 | E13: 17.869153
A14: 43496 | B14: 67.110509 | C14: 43.951336 | D14: 10.37304 | E14: 12.786133
A15: 43524 | B15: 76.794356 | C15: 50.475374 | D15: 11.749624 | E15: 14.569358
... A80: 45474 | B80: 89.8 | C80: 40.1 | D80: 27.8 | E80: 21.9

Sheet Figure 3.B.6
B1: Final Acts (Permits for Operation) | C1: Construction Permits | D1: Design Permits | F1: Figure 3.B.6: The Number of Issued Design and Construction Permits and Completion Certificates in Yerevan
A2: 2017/1 | B2: 93 | C2: 219 | D2: 133 | F2: Number of New Permits, Quarterly
A3: 2017/2 | B3: 120 | C3: 490 | D3: 331
A4: 2017/3 | B4: 88 | C4: 563 | D4: 297
A5: 2017/4 | B5: 166 | C5: 527 | D5: 247
A6: 2018/1 | B6: 112 | C6: 246 | D6: 405
A7: 2018/2 | B7: 174 | C7: 394 | D7: 571
A8: 2018/3 | B8: 132 | C8: 503 | D8: 548
A9: 2018/4 | B9: 114 | C9: 337 | D9: 264
A10: 2019/1 | B10: 45 | C10: 380 | D10: 269
A11: 2019/2 | B11: 141 | C11: 624 | D11: 546
A12: 2019/3 | B12: 145 | C12: 789 | D12: 544
A13: 2019/4 | B13: 166 | C13: 819 | D13: 494
A14: 2020/1 | B14: 104 | C14: 881 | D14: 385
... A31: 2024/2 | B31: 423 | C31: 1141 | D31: 622

Sheet Figure 3.B.7
A1: Figure 3.B.7: Value of Imports by Broad Economic Category (BEC)
A2: Million USD
B4: Capital goods | C4: Intermediate consumtion goods | D4: Final consumption goods | E4: Other | F4: Total import
A5: 2022/1 | B5: 160.89297 | C5: 680.41741 | D5: 443.47101 | E5: 80.039897 | F5: 1364.8213
A6: 2022/2 | B6: 248.74513 | C6: 955.50008 | D6: 576.24739 | E6: 111.47125 | F6: 1891.9638
A7: 2022/3 | B7: 335.53349 | C7: 1135.4568 | D7: 804.27122 | E7: 265.00076 | F7: 2540.2623
A8: 2022/4 | B8: 382.00314 | C8: 1271.9514 | D8: 1136.8912 | E8: 187.9661 | F8: 2978.8118
A9: 2023/1 | B9: 383.19115 | C9: 1149.8948 | D9: 939.86035 | E9: 238.58723 | F9: 2711.5335
A10: 2023/2 | B10: 382.8326 | C10: 1169.1064 | D10: 1097.351 | E10: 257.19893 | F10: 2906.4889
A11: 2023/3 | B11: 414.74437 | C11: 1165.1524 | D11: 1032.9851 | E11: 277.60183 | F11: 2890.4837
A12: 2023/4 | B12: 383.56286 | C12: 2550.2142 | D12: 1035.3377 | E12: 280.2984 | F12: 4249.4132
A13: 2024/1 | B13: 315.36204 | C13: 3870.5606 | D13: 777.72479 | E13: 330.6512 | F13: 5294.2987
A14: 2024/2 | B14: 332.63382 | C14: 3726.4726 | D14: 908.457 | E14: 217.87796 | F14: 5185.4414

Sheet Figure 3.B.8
B1: Real exchange rate | C1: Real exchange rate trend | F1: Figure 3.B.8: Real Effective Exchange Rate and Trend for AMD against USD, EUR and RUB (Lower Value means Stronger Dram)
A2: 2017/1 | B2: 167.21454 | C2: 164.24988 | F2: Index
A3: 2017/2 | B3: 168.71458 | C3: 164.13721
A4: 2017/3 | B4: 171.09945 | C4: 164.05097
A5: 2017/4 | B5: 171.88595 | C5: 164.01217
A6: 2018/1 | B6: 174.32141 | C6: 164.00856
A7: 2018/2 | B7: 170.88861 | C7: 163.86193
A8: 2018/3 | B8: 166.83628 | C8: 163.65451
A9: 2018/4 | B9: 166.27104 | C9: 163.35483
A10: 2019/1 | B10: 166.46243 | C10: 163.0248
A11: 2019/2 | B11: 165.87054 | C11: 162.68512
A12: 2019/3 | B12: 164.96932 | C12: 162.30067
A13: 2019/4 | B13: 165.41395 | C13: 161.86294
A14: 2020/1 | B14: 164.90811 | C14: 161.28821
... A21: 2021/4 | B21: 160.13864 | C21: 153.75629
A22: 2022/1 | B22: 155.31177 | C22: 152.22129 | D22: =C22-10 -> 142.22129
A23: 2022/2 | B23: 153.88255 | C23: 151.40129 | D23: =C23-10 -> 141.40129
A24: 2022/3 | B24: 144.20201 | C24: 150.25629 | D24: =C24-10 -> 140.25629
A25: 2022/4 | B25: 141.17241 | C25: 149.12129 | D25: =C25-10 -> 139.12129
A26: 2023/1 | B26: 138.5519 | C26: 148.07629 | D26: =C26-10 -> 138.07629
A27: 2023/2 | B27: 136.35766 | C27: 147.06629 | D27: =C27-10 -> 137.06629
A28: 2023/3 | B28: 131.84739 | C28: 146.11629 | D28: =C28-10 -> 136.11629
A29: 2023/4 | B29: 136.72318 | C29: 145.24129 | D29: =C29-10 -> 135.24129
A30: 2024/1 | B30: 139.97102 | C30: 144.34129 | D30: =C30-10 -> 134.34129
A31: 2024/2 | B31: 136.20622 | C31: 143.49129 | D31: =C31-10 -> 133.49129

Sheet Figure 3.B.9
B1: 2017 | C1: 2018 | D1: 2019 | E1: 2020 | F1: 2021 | G1: 2022 | H1: 2023 | I1: 2024*
A2: Revenue impulse contribution | B2: 0.3 | C2: -1.1 | D2: 0.1 | E2: 0.3 | F2: 0 | G2: 0.24 | H2: -0.3 | I2: -0.3
A3: Expenditure impulse contribution | B3: -2.6 | C3: 0.2 | D3: 1.1 | E3: 2.8 | F3: -0.8 | G3: -0.56 | H3: -0.6 | I3: 0.8
A4: Fiscal impulse | B4: -2.5520752 | C4: -2.5645455 | D4: 1.5687911 | E4: 4.202548 | F4: -0.75 | G4: -0.1 | H4: -1 | I4: 0.5
A5: Fiscal imp. (incl. reserve funds) | H5: -1 | I5: 1.4
A6: Fiscal imp. (incl. reserve & revenue underperf.) | H6: -1 | I6: 1.9
A7: Fiscal imp. (incl. reserve & revenue + CapEx underperf.) | H7: -1 | I7: 1
A8: *Fiscal impulse estimates for 2024 per Ministry of Finance. Alternative scenarios including use of reserve funds per CB illustrative estimates.
A11: Figure 3.B.9: Fiscal Impulse and Scenarios for 2024, Armenia
A13: Contribution to GDP Growth, Percentage Point

Sheet Figure 3.C.1
B1: Unemployment rate | E1: Figure 3.C.1: Unemployment Rate
A2: 2017/1 | B2: 21.8 | E2: Percent
A3: 2017/2 | B3: 20.5
A4: 2017/3 | B4: 19.9
A5: 2017/4 | B5: 20.6
A6: 2018/1 | B6: 20
A7: 2018/2 | B7: 19.4
A8: 2018/3 | B8: 17.6
A9: 2018/4 | B9: 18.4
A10: 2019/1 | B10: 21.5
A11: 2019/2 | B11: 16.9
A12: 2019/3 | B12: 17.4
A13: 2019/4 | B13: 17.2
A14: 2020/1 | B14: 19.7
... A30: 2024/1 | B30: 15.5

Sheet Figure 3.C.2
B1: 2024Q1/2023Q1 | D1: Figure 3.C.2. Change in labor resources, 2024Q1/2023Q1
A2: Inactive population | B2: 60.3 | D2: Thousand person
A3: Unemployed | B3: 24.8
A4: Employed | B4: -13.3
A5: Labor supply | B5: 11.4
A6: Labor resources | B6: 71.8

Sheet Figure 3.C.3
B1: 43131 | C1: =EOMONTH(B1,1) -> 43159 | D1: =EOMONTH(C1,1) -> 43190 | E1: =EOMONTH(D1,1) -> 43220 | F1: =EOMONTH(E1,1) -> 43251 | G1: =EOMONTH(F1,1) -> 43281 | H1: =EOMONTH(G1,1) -> 43312 | I1: =EOMONTH(H1,1) -> 43343 | J1: =EOMONTH(I1,1) -> 43373 | ... BZ1: =EOMONTH(BY1,1) -> 45443
A2: Armenian construction sector wages, in AMD | B2: 176878 | C2: 181682 | D2: 185823 | E2: 184577 | F2: 187698 | G2: 186199 | H2: 178483 | I2: 179658 | J2: 186020 | K2: 185822 | L2: 184578 | M2: 202679 | N2: 175738 | O2: 187122 | P2: 181035 | Q2: 178954 | R2: 182982 | S2: 180827 | T2: 180195 | U2: 184687 | V2: 184605 | W2: 188004 | X2: 189980 | Y2: 205880 | Z2: 196263 | AA2: 201882 | AB2: 195425 | AC2: 183842 | AD2: 202398 | AE2: 210933 | AF2: 205543 | AG2: 209062 | AH2: 206261 | AI2: 195615 | AJ2: 199202 | AK2: 207005 | AL2: 193180 | AM2: 196878 | AN2: 204315 | AO2: 204611 | AP2: 217780 | AQ2: 215055 | AR2: 209422 | AS2: 211339 | AT2: 212597 | AU2: 205367 | AV2: 210440 | AW2: 221747 | AX2: 203132 | AY2: 206035 | AZ2: 214732 | BA2: 220094 | BB2: 225000 | BC2: 228263 | BD2: 229740 | BE2: 233020 | BF2: 240317 | BG2: 238411 | BH2: 248195 | BI2: 274601 | BJ2: 237025 | BK2: 237854 | BL2: 252610 | BM2: 245840 | BN2: 252805 | BO2: 251750 | BP2: 250506 | BQ2: 252984 | BR2: 256804 | BS2: 250284 | BT2: 255494 | BU2: 269067 | BV2: 247692 | BW2: 255216 | BX2: 261248 | BY2: 261809.72 | BZ2: 264904
A3: Russian construction sector wages, in AMD | B3: 293074.96 | C3: 291943.6 | D3: 315212.07 | E3: 293387.53 | F3: 291690.64 | G3: 290366.83 | H3: 296056.62 | I3: 285177.07 | J3: 274197.79 | K3: 285584.52 | L3: 285029.5 | M3: 320546.12 | N3: 275001.22 | O3: 277926.49 | P3: 300844.09 | Q3: 302848.5 | R3: 301134.12 | S3: 317969.07 | T3: 318726.36 | U3: 307886.79 | V3: 305739.63 | W3: 319700.74 | X3: 320317.33 | Y3: 385072.09 | Z3: 309484.62 | AA3: 306573.28 | AB3: 288564.84 | AC3: 268968.46 | AD3: 274862.46 | AE3: 306310.83 | AF3: 290869.46 | AG3: 280004 | AH3: 278981.15 | AI3: 277131.2 | AJ3: 284886.55 | AK3: 378031.5 | AL3: 303690.72 | AM3: 324487.68 | AN3: 363563.15 | AO3: 347521.17 | AP3: 351725.44 | AQ3: 362395.47 | AR3: 337634.7 | AS3: 338331.31 | AT3: 341683.25 | AU3: 351363.78 | AV3: 345804.5 | AW3: 433209.43 | AX3: 311626.56 | AY3: 325756.2 | AZ3: 286434.46 | BA3: 358663.53 | BB3: 423404.99 | BC3: 463187.78 | BD3: 426735.23 | BE3: 412483.01 | BF3: 428895.72 | BG3: 388378.24 | BH3: 391519.05 | BI3: 436213.36 | BJ3: 320851.75 | BK3: 318361.52 | BL3: 335040.93 | BM3: 314327.06 | BN3: 329692.31 | BO3: 322415.14 | BP3: 296653.98 | BQ3: 284931.91 | BR3: 279402.8 | BS3: 300797.4 | BT3: 319875.21 | BU3: 390787.88 | BV3: 316597.35 | BW3: 332760.1 | BX3: 351156.14 | BY3: 338382.66 | BZ3: 361608.79
A4: Relative Wages, % | B4: 65.693281 | C4: 60.689336 | D4: 69.630278 | E4: 58.951292 | F4: 55.404234 | G4: 55.944356 | H4: 65.873846 | I4: 58.733298 | J4: 47.402318 | K4: 53.68714 | L4: 54.42225 | M4: 58.154579 | N4: 56.48364 | O4: 48.52689 | P4: 66.18007 | Q4: 69.232596 | R4: 64.570351 | S4: 75.84159 | T4: 76.878579 | U4: 66.707344 | V4: 65.61828 | W4: 70.04997 | X4: 68.605819 | Y4: 87.037152 | Z4: 57.688726 | AA4: 51.85766 | AB4: 47.660145 | AC4: 46.304143 | AD4: 35.80295 | AE4: 45.217119 | AF4: 41.512704 | AG4: 33.933476 | AH4: 35.256373 | AI4: 41.671752 | AJ4: 43.0139 | AK4: 82.619502 | AL4: 57.20609 | AM4: 64.816628 | AN4: 77.942465 | AO4: 69.844815 | AP4: 61.504932 | AQ4: 68.512926 | AR4: 61.222175 | AS4: 60.089388 | AT4: 60.718754 | AU4: 71.090673 | AV4: 64.324509 | AW4: 95.362027 | AX4: 53.410866 | AY4: 58.107215 | AZ4: 33.391603 | BA4: 62.959249 | BB4: 88.179996 | BC4: 102.91847 | BD4: 85.747032 | BE4: 77.016139 | BF4: 78.47082 | BG4: 62.902819 | BH4: 57.74655 | BI4: 58.853523 | BJ4: 35.366207 | BK4: 33.847454 | BL4: 32.631697 | BM4: 27.858389 | BN4: 30.413683 | BO4: 28.06957 | BP4: 18.421906 | BQ4: 12.62843 | BR4: 8.8000187 | BS4: 20.182432 | BT4: 25.198719 | BU4: 45.238128 | BV4: 27.818966 | BW4: 30.38371 | BX4: 34.414864 | BY4: 29.247556 | BZ4: 36.505599
A7: Figure 3.C.3: Construction Wages in Russia and Armenia
A8: Thousands, AMD (LHS) and Relative Wages, % (RHS)

Sheet Figure 3.C.4
B1: Wage growth
A2: 2017/1 | B2: 2.9808167 | D2: Figure 3.C.4: Nominal Private Wage Growth
A3: 2017/2 | B3: 3.3461868 | D3: Y-o-Y Percent Change
A4: 2017/3 | B4: 3.4321536
A5: 2017/4 | B5: 6.1749026
A6: 2018/1 | B6: 5.0221094
A7: 2018/2 | B7: 4.9622861
A8: 2018/3 | B8: 2.7228989
A9: 2018/4 | B9: 3.9
A10: 2019/1 | B10: 3
A11: 2019/2 | B11: 3.6
A12: 2019/3 | B12: 4.5
A13: 2019/4 | B13: 3
A14: 2020/1 | B14: 7.7
A15: 2020/2 | B15: 0
... A31: 2024/2 | B31: 4

Sheet Figure 3.C.5
B1: 42765 | C1: =EOMONTH(B1,1) -> 42794 | D1: =EOMONTH(C1,1) -> 42825 | E1: =EOMONTH(D1,1) -> 42855 | F1: =EOMONTH(E1,1) -> 42886 | G1: =EOMONTH(F1,1) -> 42916 | H1: =EOMONTH(G1,1) -> 42947 | I1: =EOMONTH(H1,1) -> 42978 | J1: =EOMONTH(I1,1) -> 43008 | ... CO1: =EOMONTH(CN1,1) -> 45535
A2: CPI Inflation, YoY | B2: -0.64611633 | C2: -0.1540778 | D2: -0.13048516 | E2: 1.1728146 | F2: 1.6032775 | G2: 1.1093361 | H2: 0.86797897 | I2: 0.94738362 | J2: 0.9542466 | K2: 1.2118173 | L2: 2.2196785 | M2: 2.611484 | N2: 2.8529796 | O2: 3.2731236 | P2: 3.725703 | Q2: 2.3721461 | R2: 1.5580724 | S2: 0.87704173 | T2: 2.3265215 | U2: 3.3257116 | V2: 3.5247099 | W2: 2.8304155 | X2: 1.8479154 | Y2: 1.7912209 | Z2: 0.79097637 | AA2: 1.8976619 | AB2: 1.8811658 | AC2: 2.1504851 | AD2: 2.7652597 | AE2: 2.4537257 | AF2: 1.6569795 | AG2: 0.62640298 | AH2: 0.47793958 | AI2: 0.90758417 | AJ2: 0.9552054 | AK2: 0.72816648 | AL2: 0.27658563 | AM2: -0.54084569 | AN2: -0.11022337 | AO2: 0.85542195 | AP2: 1.1580086 | AQ2: 1.6775262 | AR2: 1.5187898 | AS2: 1.8167405 | AT2: 1.4326845 | AU2: 1.3441365 | AV2: 1.5585892 | AW2: 3.6638247 | AX2: 4.5145896 | AY2: 5.3267515 | AZ2: 5.7810093 | BA2: 6.1569193 | BB2: 5.9006949 | BC2: 6.5046445 | BD2: 8.2227276 | BE2: 8.7823861 | BF2: 8.888654 | BG2: 9.1040944 | BH2: 9.5566762 | BI2: 7.6754535 | BJ2: 7.0769206 | BK2: 6.543209 | BL2: 7.361797 | BM2: 8.4252581 | BN2: 8.9862918 | BO2: 10.274468 | BP2: 9.3216627 | BQ2: 9.128783 | BR2: 9.9151144 | BS2: 9.4771654 | BT2: 8.8458529 | BU2: 8.3038747 | BV2: 8.0513102 | BW2: 8.0504413 | BX2: 5.4496798 | BY2: 3.2368671 | BZ2: 1.2882103 | CA2: -0.50646122 | CB2: -0.10059011 | CC2: -0.16722027 | CD2: 0.076783993 | CE2: 0.12196043 | CF2: -0.48885045 | CG2: -0.62021526 | CH2: -0.85954367 | CI2: -1.7 | CJ2: -1.2012081 | CK2: -0.72822487 | CL2: 0.3 | CM2: 0.8 | CN2: 1.4 | CO2: 1.3
A3: Target | B3: 4 | C3: 4 | D3: 4 | E3: 4 | F3: 4 | G3: 4 | H3: 4 | I3: 4 | J3: 4 | K3: 4 | L3: 4 | M3: 4 | N3: 4 | O3: 4 | P3: 4 | Q3: 4 | R3: 4 | S3: 4 | T3: 4 | U3: 4 | V3: 4 | W3: 4 | X3: 4 | Y3: 4 | Z3: 4 | AA3: 4 | AB3: 4 | AC3: 4 | AD3: 4 | AE3: 4 | AF3: 4 | AG3: 4 | AH3: 4 | AI3: 4 | AJ3: 4 | AK3: 4 | AL3: 4 | AM3: 4 | AN3: 4 | AO3: 4 | AP3: 4 | AQ3: 4 | AR3: 4 | AS3: 4 | AT3: 4 | AU3: 4 | AV3: 4 | AW3: 4 | AX3: 4 | AY3: 4 | AZ3: 4 | BA3: 4 | BB3: 4 | BC3: 4 | BD3: 4 | BE3: 4 | BF3: 4 | BG3: 4 | BH3: 4 | BI3: 4 | BJ3: 4 | BK3: 4 | BL3: 4 | BM3: 4 | BN3: 4 | BO3: 4 | BP3: 4 | BQ3: 4 | BR3: 4 | BS3: 4 | BT3: 4 | BU3: 4 | BV3: 4 | BW3: 4 | BX3: 4 | BY3: 4 | BZ3: 4 | CA3: 4 | CB3: 4 | CC3: 4 | CD3: 4 | CE3: 4 | CF3: 4 | CG3: 4 | CH3: 4 | CI3: 4 | CJ3: 4 | CK3: 4 | CL3: 4 | CM3: 4 | CN3: 4 | CO3: 4
A6: Figure 3.C.5: Y-o-Y CPI Inflation and the Target
A7: Y-o-Y Percent Change

Sheet Figure 3.C.6
A1: YoY | B1: 42765 | C1: =EOMONTH(B1,1) -> 42794 | D1: =EOMONTH(C1,1) -> 42825 | E1: =EOMONTH(D1,1) -> 42855 | F1: =EOMONTH(E1,1) -> 42886 | G1: =EOMONTH(F1,1) -> 42916 | H1: =EOMONTH(G1,1) -> 42947 | I1: =EOMONTH(H1,1) -> 42978 | J1: =EOMONTH(I1,1) -> 43008 | ... CN1: =EOMONTH(CM1,1) -> 45504
A2: CPI | B2: -0.64611633 | C2: -0.1540778 | D2: -0.13048516 | E2: 1.1728146 | F2: 1.6032775 | G2: 1.1093361 | H2: 0.86797897 | I2: 0.94738362 | J2: 0.9542466 | K2: 1.2118173 | L2: 2.2196785 | M2: 2.611484 | N2: 2.8529796 | O2: 3.2731236 | P2: 3.725703 | Q2: 2.3721461 | R2: 1.5580724 | S2: 0.87704173 | T2: 2.3265215 | U2: 3.3257116 | V2: 3.5247099 | W2: 2.8304155 | X2: 1.8479154 | Y2: 1.7912209 | Z2: 0.79097637 | AA2: 1.8976619 | AB2: 1.8811658 | AC2: 2.1504851 | AD2: 2.7652597 | AE2: 2.4537257 | AF2: 1.6569795 | AG2: 0.62640298 | AH2: 0.47793958 | AI2: 0.90758417 | AJ2: 0.9552054 | AK2: 0.72816648 | AL2: 0.27658563 | AM2: -0.54084569 | AN2: -0.11022337 | AO2: 0.85542195 | AP2: 1.1580086 | AQ2: 1.6775262 | AR2: 1.5187898 | AS2: 1.8167405 | AT2: 1.4326845 | AU2: 1.3441365 | AV2: 1.5585892 | AW2: 3.6638247 | AX2: 4.5145896 | AY2: 5.3267515 | AZ2: 5.7810093 | BA2: 6.1569193 | BB2: 5.9006949 | BC2: 6.5046445 | BD2: 8.2227276 | BE2: 8.7823861 | BF2: 8.888654 | BG2: 9.1040944 | BH2: 9.5566762 | BI2: 7.6754535 | BJ2: 7.0769206 | BK2: 6.543209 | BL2: 7.361797 | BM2: 8.4252581 | BN2: 8.9862918 | BO2: 10.274468 | BP2: 9.3216627 | BQ2: 9.128783 | BR2: 9.9151144 | BS2: 9.4771654 | BT2: 8.8458529 | BU2: 8.3038747 | BV2: 8.0513102 | BW2: 8.0504413 | BX2: 5.4496798 | BY2: 3.2368671 | BZ2: 1.2882103 | CA2: -0.50646122 | CB2: -0.10059011 | CC2: -0.16722027 | CD2: 0.076783993 | CE2: 0.12196043 | CF2: -0.48885045 | CG2: -0.62021526 | CH2: -0.85954367 | CI2: -1.6511542 | CJ2: -1.2012081 | CK2: -0.72822487 | CL2: 0.3 | CM2: 0.8 | CN2: 1.4
A3: Core Inflation | B3: -1.7258662 | C3: -1.2971315 | D3: -0.85006545 | E3: -0.32023542 | F3: 0.088690246 | G3: 0.35091346 | H3: 0.82385168 | I3: 1.7187635 | J3: 2.0738006 | K3: 2.4671856 | L3: 3.2479768 | M3: 3.5860291 | N3: 4.5964207 | O3: 5.0582663 | P3: 4.9867579 | Q3: 4.6953087 | R3: 4.3646673 | S3: 4.2013117 | T3: 4.0598091 | U3: 3.7912296 | V3: 3.7326939 | W3: 3.42002 | X3: 2.838048 | Y3: 2.6862481 | Z3: 1.5047485 | AA3: 1.3177606 | AB3: 1.2599416 | AC3: 1.1721152 | AD3: 1.370193 | AE3: 1.4570278 | AF3: 1.4609158 | AG3: 1.2802353 | AH3: 1.0919334 | AI3: 0.70056217 | AJ3: 0.6272569 | AK3: 0.65436778 | AL3: 0.86538957 | AM3: 0.77184062 | AN3: 0.54227164 | AO3: 1.1321822 | AP3: 0.86253079 | AQ3: 0.77684596 | AR3: 0.83406828 | AS3: 1.0666176 | AT3: 1.3432163 | AU3: 1.6822168 | AV3: 1.990066 | AW3: 3.6322694 | AX3: 4.6777753 | AY3: 5.4829754 | AZ3: 6.6256762 | BA3: 6.7512686 | BB3: 7.3936282 | BC3: 7.8259768 | BD3: 8.1093537 | BE3: 8.0379242 | BF3: 7.9880735 | BG3: 7.8765203 | BH3: 8.3772656 | BI3: 7.2509011 | BJ3: 6.6016267 | BK3: 6.3614506 | BL3: 6.9671455 | BM3: 7.9799048 | BN3: 8.3564098 | BO3: 9.4404331 | BP3: 10.10041 | BQ3: 10.230228 | BR3: 10.540276 | BS3: 10.488322 | BT3: 9.8756503 | BU3: 9.4793414 | BV3: 9.0991562 | BW3: 8.3569861 | BX3: 6.4066572 | BY3: 4.3045803 | BZ3: 3.0865032 | CA3: 1.4518285 | CB3: 0.59949055 | CC3: 0.35313146 | CD3: -0.080847536 | CE3: -0.046504097 | CF3: -0.24390438 | CG3: -0.39353895 | CH3: -0.44083532 | CI3: -0.6541581 | CJ3: -0.70986288 | CK3: -0.5369214 | CL3: -0.3 | CM3: 0 | CN3: 0.3
A4: CPI w/o Food and Energy | B4: -2.3711093 | C4: -3.2119893 | D4: -3.0632385 | E4: -2.5780182 | F4: -1.9556687 | G4: -2.0169483 | H4: -1.0808389 | I4: -0.35566043 | J4: -0.56619617 | K4: -0.63435015 | L4: 0.026401688 | M4: 0.26466576 | N4: 1.0468354 | O4: 1.9812735 | P4: 2.3524259 | Q4: 2.3643852 | R4: 2.3410309 | S4: 2.1626279 | T4: 2.1686343 | U4: 1.5975603 | V4: 1.1078124 | W4: 1.2831207 | X4: 1.0990613 | Y4: 1.0495771 | Z4: 0.90039175 | AA4: 0.66793545 | AB4: 0.57101106 | AC4: 0.61022186 | AD4: 0.4201034 | AE4: 0.45836584 | AF4: 0.61341273 | AG4: 0.77073843 | AH4: 1.3772643 | AI4: 1.1677323 | AJ4: 0.98042859 | AK4: 1.0339763 | AL4: 1.3739173 | AM4: 1.4739879 | AN4: 1.211001 | AO4: 1.2961595 | AP4: 1.2489502 | AQ4: 1.396656 | AR4: 1.5359365 | AS4: 1.5375469 | AT4: 1.3310719 | AU4: 1.1962371 | AV4: 1.4400798 | AW4: 2.165273 | AX4: 2.7708892 | AY4: 3.3386195 | AZ4: 4.2687507 | BA4: 4.154845 | BB4: 4.0556078 | BC4: 4.0262323 | BD4: 3.7920019 | BE4: 3.9795783 | BF4: 4.0652579 | BG4: 3.9849158 | BH4: 4.1462149 | BI4: 3.7751235 | BJ4: 3.2591075 | BK4: 2.9477999 | BL4: 3.6370734 | BM4: 4.1363562 | BN4: 4.9955751 | BO4: 5.7182511 | BP4: 6.5118778 | BQ4: 6.9528244 | BR4: 7.6215281 | BS4: 7.6886103 | BT4: 7.6447875 | BU4: 7.7631583 | BV4: 7.7854931 | BW4: 7.8012526 | BX4: 6.4306516 | BY4: 5.6294168 | BZ4: 4.9382713 | CA4: 3.9910795 | CB4: 3.3569715 | CC4: 2.9683864 | CD4: 2.4788579 | CE4: 2.2013377 | CF4: 2.0209377 | CG4: 1.7885164 | CH4: 1.9432532 | CI4: 1.5196637 | CJ4: 1.0279156 | CK4: 1.0084241 | CL4: 0.7 | CM4: 1 | CN4: 1.35
A5: NTSPI | B5: 1.0349292 | C5: 1.147609 | D5: 1.5361398 | E5: 1.137846 | F5: 1.0015403 | G5: 1.1132436 | H5: 1.0421701 | I5: 0.97707822 | J5: 0.88180074 | K5: 0.84525893 | L5: 0.8741258 | M5: 0.86887204 | N5: 1.2067781 | O5: 1.987909 | P5: 2.2012192 | Q5: 2.166198 | R5: 2.2169057 | S5: 2.2091967 | T5: 2.220318 | U5: 2.0897019 | V5: 2.0674411 | W5: 2.0646876 | X5: 2.0427302 | Y5: 2.0616896 | Z5: 1.7327387 | AA5: 1.3917145 | AB5: 0.78474767 | AC5: 0.93719525 | AD5: 0.93777403 | AE5: 1.1418916 | AF5: 1.249598 | AG5: 1.4232691 | AH5: 1.7354844 | AI5: 1.9354819 | AJ5: 1.9333658 | AK5: 1.9248656 | AL5: 1.9717884 | AM5: 1.995788 | AN5: 1.9681189 | AO5: 1.6751296 | AP5: 1.6497509 | AQ5: 1.4943814 | AR5: 1.4239065 | AS5: 1.4490957 | AT5: 1.5142736 | AU5: 1.3272938 | AV5: 1.4504924 | AW5: 1.5221336 | AX5: 1.7547405 | AY5: 1.7064539 | AZ5: 2.0318701 | BA5: 2.1673152 | BB5: 2.2529338 | BC5: 2.3551445 | BD5: 2.3483872 | BE5: 2.2744377 | BF5: 2.1013846 | BG5: 1.9794583 | BH5: 2.0454973 | BI5: 2.0302444 | BJ5: 1.8764029 | BK5: 1.9197152 | BL5: 2.5438756 | BM5: 3.1039714 | BN5: 3.5737523 | BO5: 4.0507766 | BP5: 4.7217386 | BQ5: 5.100247 | BR5: 6.2894081 | BS5: 6.9545917 | BT5: 7.1318797 | BU5: 7.1851937 | BV5: 7.3948979 | BW5: 7.269106 | BX5: 6.5409631 | BY5: 5.5825661 | BZ5: 5.5244919 | CA5: 5.0487594 | CB5: 4.2719056 | CC5: 3.9913452 | CD5: 3.3861394 | CE5: 3.1255683 | CF5: 2.9425889 | CG5: 2.8695041 | CH5: 2.9600668 | CI5: 2.66202 | CJ5: 2.4319162 | CK5: 2.954069 | CL5: 2.4 | CM5: 2.3 | CN5: 2.4
A7: Figure 3.C.6: Underlying Inflation Measures
A8: Y-o-Y Percent Change

Sheet Figure 3.C.7
B1: Hotel Services Inflation
A2: 2018/1 | B2: 1.5 | I2: Figure 3.C.6: Hotel Sector's Inflation
A3: 2018/2 | B3: 1.6 | I3: Y-o-Y Percent Change
A4: 2018/3 | B4: 1.8
A5: 2018/4 | B5: 1.6
A6: 2018/5 | B6: 1.5
A7: 2018/6 | B7: 1.5
A8: 2018/7 | B8: 1.6
A9: 2018/8 | B9: 1.6
A10: 2018/9 | B10: 1.6
A11: 2018/10 | B11: 0.9
A12: 2018/11 | B12: 0.5
A13: 2018/12 | B13: 0.4
A14: 2019/1 | B14: -0.1
A15: 2019/2 | B15: -0.2
... A80: 2024/7 | B80: 0.9

Sheet Figure 3.C.8
B2: 2011/1 | C2: 2011/2 | D2: 2011/3 | E2: 2011/4 | F2: 2012/1 | G2: 2012/2 | H2: 2012/3 | I2: 2012/4 | J2: 2013/1 | K2: 2013/2 | L2: 2013/3 | M2: 2013/4 | N2: 2014/1 | O2: 2014/2 | P2: 2014/3 | Q2: 2014/4 | R2: 2015/1 | S2: 2015/2 | T2: 2015/3 | U2: 2015/4 | V2: 2016/1 | W2: 2016/2 | X2: 2016/3 | Y2: 2016/4 | Z2: 2017/1 | AA2: 2017/2 | AB2: 2017/3 | AC2: 2017/4 | AD2: 2018/1 | AE2: 2018/2 | AF2: 2018/3 | AG2: 2018/4 | AH2: 2019/1 | AI2: 2019/2 | AJ2: 2019/3 | AK2: 2019/4 | AL2: 2020/1 | AM2: 2020/2 | AN2: 2020/3 | AO2: 2020/4 | AP2: 2021/1 | AQ2: 2021/2 | AR2: 2021/3 | AS2: 2021/4 | AT2: 2022/1 | AU2: 2022/2 | AV2: 2022/3 | AW2: 2022/4 | AX2: 2023/1 | AY2: 2023/2 | AZ2: 2023/3 | BA2: 2023/4 | BB2: 2024/1 | BC2: 2024/2 | BD2: 2024/3
A3: Will Decrease | B3: 3.6 | C3: 9.2 | D3: 4.8 | E3: 3.2 | F3: 3.1 | G3: 3 | H3: 2 | I3: 2.7 | J3: 1.7 | K3: 1.2 | L3: 1 | M3: 1.1 | N3: 0.9 | O3: 0.7 | P3: 0.7 | Q3: 1.3 | R3: 3.9 | S3: 1.9 | T3: 1.2 | U3: 0.4 | V3: 2.9 | W3: 5.1 | X3: 3.6 | Y3: 14.8 | Z3: 8.1 | AA3: 6.3 | AB3: 2.4 | AC3: 1.4 | AD3: 2.4046434 | AE3: 58.201499 | AF3: 39.666667 | AG3: 32.220367 | AH3: 19.6 | AI3: 17.7 | AJ3: 14.7 | AK3: 13.064361 | AL3: 9.6747289 | AM3: 10.321489 | AN3: 8.8952654 | AO3: 3.2670455 | AP3: 3.4770515 | AQ3: 9.2811647 | AR3: 3.7514654 | AS3: 3.042328 | AT3: 2.12 | AU3: 3.90625 | AV3: 3.45 | AW3: 8.6 | AX3: 10.104167 | AY3: 9.5 | AZ3: 9.3942054 | BA3: 5.6020067 | BB3: 7.9822616 | BC3: 8.1598668 | BD3: 6.7219917
A4: Will Stay the Same | B4: 7.6 | C4: 13.9 | D4: 6.4 | E4: 5.1 | F4: 6 | G4: 3.6 | H4: 3.1 | I4: 5.6 | J4: 6.2 | K4: 4.6 | L4: 8.6 | M4: 7 | N4: 5.1 | O4: 8 | P4: 6.2 | Q4: 5.6 | R4: 13.4 | S4: 9.2 | T4: 9.1 | U4: 10.3 | V4: 17 | W4: 15.3 | X4: 16.1 | Y4: 14.8 | Z4: 20.8 | AA4: 18.6 | AB4: 18.3 | AC4: 13.2 | AD4: 17.412935 | AE4: 21.482098 | AF4: 28.5 | AG4: 26.961603 | AH4: 24.5 | AI4: 27.4 | AJ4: 28.8 | AK4: 24.975985 | AL4: 23.603003 | AM4: 22.081218 | AN4: 21.520803 | AO4: 14.772727 | AP4: 12.100139 | AQ4: 13.830755 | AR4: 20.28136 | AS4: 17.063492 | AT4: 12.74 | AU4: 15.9 | AV4: 15.11 | AW4: 10.375276 | AX4: 11.041667 | AY4: 8.75 | AZ4: 10.272169 | BA4: 7.5250836 | BB4: 7.7605322 | BC4: 7.6602831 | BD4: 7.3858921
A5: Will Grow at a Slow Pace | B5: 16.5 | C5: 21.4 | D5: 26.7 | E5: 38.3 | F5: 26.4 | G5: 27.2 | H5: 21.4 | I5: 44.7 | J5: 37 | K5: 31.9 | L5: 31.7 | M5: 27.9 | N5: 23.6 | O5: 22.7 | P5: 20.1 | Q5: 24.5 | R5: 29 | S5: 21.5 | T5: 22.6 | U5: 38.1 | V5: 44.4 | W5: 41.1 | X5: 50.8 | Y5: 54.6 | Z5: 64.2 | AA5: 63.9 | AB5: 61.8 | AC5: 48.4 | AD5: 43.117745 | AE5: 10.158201 | AF5: 18.833333 | AG5: 23.873122 | AH5: 36.9 | AI5: 33.5 | AJ5: 36.5 | AK5: 44.380403 | AL5: 46.622185 | AM5: 35.36379 | AN5: 35.868006 | AO5: 35.653409 | AP5: 33.79694 | AQ5: 13.102821 | AR5: 17.116061 | AS5: 8.0687831 | AT5: 6.99 | AU5: 6.8080357 | AV5: 11.87 | AW5: 20.0883 | AX5: 19.375 | AY5: 12.5 | AZ5: 16.41791 | BA5: 19.063545 | BB5: 22.394678 | BC5: 20.149875 | BD5: 16.431535
A6: Will Grow at a Fast Pace | B6: 30.2 | C6: 17 | D6: 32 | E6: 31.4 | F6: 46.3 | G6: 48.6 | H6: 44 | I6: 33.2 | J6: 36 | K6: 47.6 | L6: 47.5 | M6: 49.5 | N6: 52 | O6: 49.5 | P6: 53.3 | Q6: 51.1 | R6: 38.4 | S6: 43.9 | T6: 43.8 | U6: 35.4 | V6: 24.8 | W6: 27.2 | X6: 22.5 | Y6: 9 | Z6: 4.1 | AA6: 9.4 | AB6: 13.8 | AC6: 26.5 | AD6: 28.358209 | AE6: 0 | AF6: 0.83333333 | AG6: 1.5859766 | AH6: 1.2 | AI6: 3.5 | AJ6: 3.6 | AK6: 3.1700288 | AL6: 2.2518766 | AM6: 7.1912014 | AN6: 7.6040172 | AO6: 11.647727 | AP6: 12.517385 | AQ6: 20.473157 | AR6: 23.563892 | AS6: 27.248677 | AT6: 33.19 | AU6: 28.459821 | AV6: 23.11 | AW6: 28.03532 | AX6: 20.520833 | AY6: 18.666667 | AZ6: 14.661984 | BA6: 14.715719 | BB6: 17.627494 | BC6: 12.406328 | BD6: 14.024896
A7: Will Grow at a Very Fast Pace | B7: 22.7 | C7: 4.9 | D7: 11.9 | E7: 5.7 | F7: 9.2 | G7: 12.1 | H7: 21.8 | I7: 10.2 | J7: 12.8 | K7: 12.1 | L7: 9.3 | M7: 12.1 | N7: 14.3 | O7: 16.2 | P7: 17.4 | Q7: 12.8 | R7: 6.9 | S7: 14 | T7: 14 | U7: 7.1 | V7: 3.3 | W7: 3.6 | X7: 3 | Y7: 2.2 | Z7: 0.2 | AA7: 1.3 | AB7: 1.6 | AC7: 7.8 | AD7: 5.3067993 | AE7: 0.58284763 | AF7: 0.083333333 | AG7: 0.083472454 | AH7: 0.1 | AI7: 0.8 | AJ7: 1.1 | AK7: 0.96061479 | AL7: 0.33361134 | AM7: 0.76142132 | AN7: 0.57388809 | AO7: 1.9886364 | AP7: 3.0598053 | AQ7: 3.9126479 | AR7: 2.9308324 | AS7: 3.968254 | AT7: 6.73 | AU7: 3.7946429 | AV7: 6.04 | AW7: 8 | AX7: 7.3958333 | AY7: 8.8333333 | AZ7: 7.4626866 | BA7: 6.7725753 | BB7: 7.2062084 | BC7: 5.3288926 | BD7: 6.3070539
A8: Uncertain | B8: 19.4 | C8: 33.6 | D8: 18.2 | E8: 16.3 | F8: 9 | G8: 5.5 | H8: 7.7 | I8: 3.6 | J8: 6.3 | K8: 2.6 | L8: 1.9 | M8: 2.4 | N8: 4.1 | O8: 2.9 | P8: 2.3 | Q8: 4.7 | R8: 8.4 | S8: 9.5 | T8: 9.3 | U8: 8.7 | V8: 7.6 | W8: 7.7 | X8: 3.9 | Y8: 4.7 | Z8: 2.6 | AA8: 0.5 | AB8: 2.1 | AC8: 2.7 | AD8: 3.3167496 | AE8: 9.5753539 | AF8: 12.083333 | AG8: 15.275459 | AH8: 17.7 | AI8: 17.1 | AJ8: 15.3 | AK8: 13.448607 | AL8: 17.514595 | AM8: 24.28088 | AN8: 25.53802 | AO8: 32.670455 | AP8: 35.048679 | AQ8: 39.399454 | AR8: 32.356389 | AS8: 40.608466 | AT8: 38.23 | AU8: 41.071429 | AV8: 40.38 | AW8: 24.9 | AX8: 31.5625 | AY8: 41.75 | AZ8: 41.791045 | BA8: 46.32107 | BB8: 37.028825 | BC8: 46.294754 | BD8: 49.128631
A10: Figure 3.C.7: Survey on Households’ Inflation Expectations
A11: Percent of Respondents

Sheet Figure 3.D.1
A1: Figure 3.D.1: Financial Market Participants’ Expectations of the Policy Rate According to Sep 6, 2024 CBA Survey
A2: Interest Rate, %
J4: Decision Date | K4: Average | L4: Min | M4: Max
J7: 45545 | K7: 7.5 | L7: 7.5 | M7: 0.75
J8: 45594 | K8: 7.5 | L8: 7.25 | M8: 1
J9: 45636 | K9: 7.25 | L9: 7 | M9: 1.25
J10: 45685 | K10: 7.25 | L10: 6.75 | M10: 1.5
J11: 45727 | K11: 7.25 | L11: 6.5 | M11: 1.75
J12: 45776 | K12: 7 | L12: 6.25 | M12: 2
J13: 45820 | K13: 7 | L13: 6 | M13: 2.25
J14: 45868 | K14: 7 | L14: 5.75 | M14: 2.5

Sheet Figure 3.D.2
A1: Date | B1: 1 օր/day | C1: 1 ամիս/month | D1: 3 ամիս/month | E1: 6 ամիս/month | F1: 9 ամիս/month | G1: 1 տարի/year | H1: 2 տարի/year | I1: 3 տարի/year | J1: 4 տարի/year | K1: 5 տարի/year | L1: 7 տարի/year | M1: 10 տարի/year | N1: 15 տարի/year | O1: 20 տարի/year | P1: 30 տարի/year
B2: 0.002739726 | C2: 0.083333333 | D2: 0.25 | E2: 0.5 | F2: 0.75 | G2: 1 | H2: 2 | I2: 3 | J2: 4 | K2: 5 | L2: 7 | M2: 10 | N2: 15 | O2: 20 | P2: 30
A3: 45453 | B3: 8.3005 | C3: 8.4176 | D3: 8.6593 | E3: 9.0114 | F3: 9.305 | G3: 9.4051 | H3: 9.5522 | I3: 9.6119 | J3: 9.6654 | K3: 9.6669 | L3: 9.6794 | M3: 9.6975 | N3: 9.7021 | O3: 9.7075 | P3: 9.7182
A4: 45502 | B4: 8.0863 | C4: 8.1754 | D4: 8.3593 | E4: 8.6263 | F4: 8.9257 | G4: 9.0313 | H4: 9.388 | I4: 9.5415 | J4: 9.6633 | K4: 9.6849 | L4: 9.7181 | M4: 9.7367 | N4: 9.7433 | O4: 9.751 | P4: 9.7664
A5: 45513 | B5: 7.8591 | C5: 7.9676 | D5: 8.1917 | E5: 8.4973 | F5: 8.8736 | G5: 9.0542 | H5: 9.3379 | I5: 9.5009 | J5: 9.6277 | K5: 9.66 | L5: 9.7005 | M5: 9.7451 | N5: 9.7611 | O5: 9.7751 | P5: 9.8029
A7: Figure 3.D.2: Yield Curve Dynamics
A8: Yield, %

Sheet Figure 3.D.3
B1: CBA Policy Rate | C1: Neutral Interest Rate | D1: 1 | G1: Figure 3.D.3: CBA Policy Rate and Underlying Equilibrium Rate
A2: 2017/1 | B2: 5.87 | C2: 6.5546011 | D2: =C2-$D$1 -> 5.5546011 | E2: =$D$1*2 -> 2 | G2: %
A3: 2017/2 | B3: 5.46 | C3: 6.6594838 | D3: =C3-$D$1 -> 5.6594838 | E3: =$D$1*2 -> 2
A4: 2017/3 | B4: 5.01 | C4: 6.7883418 | D4: =C4-$D$1 -> 5.7883418 | E4: =$D$1*2 -> 2
A5: 2017/4 | B5: 5.68 | C5: 6.3000942 | D5: =C5-$D$1 -> 5.3000942 | E5: =$D$1*2 -> 2
A6: 2018/1 | B6: 6 | C6: 7.0107608 | D6: =C6-$D$1 -> 6.0107608 | E6: =$D$1*2 -> 2
A7: 2018/2 | B7: 5.78 | C7: 7.051427 | D7: =C7-$D$1 -> 6.051427 | E7: =$D$1*2 -> 2
A8: 2018/3 | B8: 6.03 | C8: 5.7109074 | D8: =C8-$D$1 -> 4.7109074 | E8: =$D$1*2 -> 2
A9: 2018/4 | B9: 6.15 | C9: 5.4106193 | D9: =C9-$D$1 -> 4.4106193 | E9: =$D$1*2 -> 2
A10: 2019/1 | B10: 5.71 | C10: 4.8208497 | D10: =C10-$D$1 -> 3.8208497 | E10: =$D$1*2 -> 2
A11: 2019/2 | B11: 5.76 | C11: 6.0814099 | D11: =C11-$D$1 -> 5.0814099 | E11: =$D$1*2 -> 2
A12: 2019/3 | B12: 5.68 | C12: 7.0841298 | D12: =C12-$D$1 -> 6.0841298 | E12: =$D$1*2 -> 2
A13: 2019/4 | B13: 5.42 | C13: 6.9604629 | D13: =C13-$D$1 -> 5.9604629 | E13: =$D$1*2 -> 2
A14: 2020/1 | B14: 5.22 | C14: 6.1134746 | D14: =C14-$D$1 -> 5.1134746 | E14: =$D$1*2 -> 2
... A31: 2024/2 | B31: 8.35 | C31: 8.2951715 | D31: =C31-$D$1 -> 7.2951715 | E31: =$D$1*2 -> 2

Sheet Figure 3.D.4
B1: 43861 | C1: 43890 | D1: 43921 | E1: 43951 | F1: 43982 | G1: 44012 | H1: 44043 | I1: 44074 | J1: 44104 | K1: 44135 | L1: 44165 | M1: 44196 | N1: 44227 | O1: 44255 | P1: 44286 | Q1: 44316 | R1: 44347 | S1: 44377 | T1: 44408 | U1: 44439 | V1: 44469 | W1: 44500 | X1: 44530 | Y1: 44561 | Z1: 44592 | AA1: 44620 | AB1: 44651 | AC1: 44681 | AD1: 44712 | AE1: 44742 | AF1: 44773 | AG1: 44804 | AH1: 44834 | AI1: 44865 | AJ1: 44895 | AK1: 44926 | AL1: 44957 | AM1: 44985 | AN1: 45016 | AO1: 45046 | AP1: 45077 | AQ1: 45107 | AR1: 45138 | AS1: 45169 | AT1: 45199 | AU1: 45230 | AV1: 45260 | AW1: 45291 | AX1: 45322 | AY1: 45351 | AZ1: 45382 | BA1: 45412 | BB1: 45443 | BC1: 45473
A2: Businesses | B2: 5.331012 | C2: 5.2559137 | D2: 12.170652 | E2: 8.9713105 | F2: 11.060949 | G2: 13.01404 | H2: 17.616896 | I2: 17.354282 | J2: 17.415631 | K2: 20.255888 | L2: 21.440792 | M2: 21.851769 | N2: 21.355658 | O2: 19.063709 | P2: 15.536349 | Q2: 19.683229 | R2: 14.081381 | S2: 7.5175019 | T2: 2.2111902 | U2: 1.630658 | V2: -0.80397277 | W2: -3.9824274 | X2: -4.0597719 | Y2: -7.4016226 | Z2: -4.7012041 | AA2: -2.9490255 | AB2: -3.0364036 | AC2: -6.614113 | AD2: -3.6812816 | AE2: -5.0777753 | AF2: -3.9740245 | AG2: -5.5303616 | AH2: -4.5667164 | AI2: -4.7501333 | AJ2: -5.6327005 | AK2: -2.7589282 | AL2: -3.4557446 | AM2: -5.3541068 | AN2: -3.7190282 | AO2: -0.95761989 | AP2: -0.077689733 | AQ2: 7.9891034 | AR2: 10.932591 | AS2: 12.141215 | AT2: 14.934331 | AU2: 20.013457 | AV2: 21.590074 | AW2: 22.452023 | AX2: 20.782711 | AY2: 21.295945 | AZ2: 18.914057 | BA2: 19.84031 | BB2: 21.448984 | BC2: 21.206468
A3: Households | B3: 31.52573 | C3: 30.796702 | D3: 31.186069 | E3: 26.033453 | F3: 24.271505 | G3: 23.283335 | H3: 22.096928 | I3: 20.547941 | J3: 19.535742 | K3: 15.742138 | L3: 13.57149 | M3: 10.461163 | N3: 9.2505574 | O3: 8.6307524 | P3: 6.2054186 | Q3: 6.5297248 | R3: 6.6384898 | S3: 4.3778324 | T3: 2.3986136 | U3: 1.9407014 | V3: 1.0506729 | W3: 1.6102813 | X3: 3.5096515 | Y3: 4.8020285 | Z3: 5.2728471 | AA3: 5.1083076 | AB3: 7.0746073 | AC3: 6.9556613 | AD3: 7.830879 | AE3: 8.5445307 | AF3: 10.62713 | AG3: 11.684559 | AH3: 12.680491 | AI3: 13.001594 | AJ3: 16.111541 | AK3: 15.92547 | AL3: 16.367137 | AM3: 16.451043 | AN3: 16.468265 | AO3: 18.136104 | AP3: 18.846457 | AQ3: 20.948483 | AR3: 21.076523 | AS3: 21.290799 | AT3: 21.714884 | AU3: 23.110159 | AV3: 19.861799 | AW3: 19.112742 | AX3: 19.753544 | AY3: 20.396052 | AZ3: 19.378614 | BA3: 19.699471 | BB3: 19.591341 | BC3: 19.858365
A4: Total | B4: 15.774906 | C4: 15.385279 | D4: 20.403562 | E4: 17.081663 | F4: 17.064352 | G4: 17.02125 | H4: 18.472226 | I4: 17.772889 | J4: 17.639826 | K4: 17.127924 | L4: 16.003733 | M4: 14.350189 | N4: 12.159459 | O4: 10.669814 | P4: 6.8667649 | Q4: 8.9145718 | R4: 5.95003 | S4: 1.7790411 | T4: -1.6614195 | U4: -2.4622768 | V4: -3.7798919 | W4: -5.3748232 | X4: -3.9117881 | Y4: -5.1233396 | Z4: -2.1570208 | AA4: -1.2509037 | AB4: 0.13825937 | AC4: -2.1150776 | AD4: 1.2449863 | AE4: 1.7186133 | AF4: 3.0853157 | AG4: 3.1911387 | AH4: 4.141347 | AI4: 4.1514469 | AJ4: 4.8587551 | AK4: 6.096603 | AL4: 6.2183217 | AM4: 5.3940685 | AN4: 6.4321698 | AO4: 9.1875955 | AP4: 9.7746393 | AQ4: 14.638469 | AR4: 16.54472 | AS4: 17.694909 | AT4: 19.289216 | AU4: 21.904482 | AV4: 21.734033 | AW4: 22.358629 | AX4: 21.988389 | AY4: 21.926477 | AZ4: 17.907563 | BA4: 19.341767 | BB4: 19.771269 | BC4: 19.353493
A6: Figure 3.D.6: Change in Total Loans Provided by Commercial Banks to Households and Businesses
A7: % Change, Y-o-Y

Sheet Figure 3.D.5
B1: USD | C1: EUR | D1: RUB | K1: USD/AMD (lhs) | L1: EUR/AMD (lhs) | M1: RUB/AMD (rhs) | O1: Figure 3.D.7 Nominal Exchange Rate for AMD against USD, EUR and RUB (Lower Value means Stronger Dram)
A2: 03.01.2022 | B2: 481.59 | C2: 546.8 | D2: 6.48 | F2: 3 | G2: 1 | H2: 2022 | J2: 44564 | K2: 481.6 | L2: 546.8 | M2: 6.5 | O2: USD/AMD and EUR/AMD (LHS); RUB/AMD (RHS)
A3: 04.01.2022 | B3: 482.19 | C3: 544.92 | D3: 6.44 | F3: 4 | G3: 1 | H3: 2022 | J3: 44565 | K3: 482.2 | L3: 544.9 | M3: 6.4
A4: 05.01.2022 | B4: 482.55 | C4: 545.52 | D4: 6.37 | F4: 5 | G4: 1 | H4: 2022 | J4: 44566 | K4: 482.6 | L4: 545.5 | M4: 6.4
A5: 07.01.2022 | B5: 482.79 | C5: 546.28 | D5: 6.38 | F5: 7 | G5: 1 | H5: 2022 | J5: 44568 | K5: 482.8 | L5: 546.3 | M5: 6.4
A6: 10.01.2022 | B6: 482.96 | C6: 546.9 | D6: 6.44 | F6: 10 | G6: 1 | H6: 2022 | J6: 44571 | K6: 483 | L6: 546.9 | M6: 6.4
A7: 11.01.2022 | B7: 482.32 | C7: 546.61 | D7: 6.44 | F7: 11 | G7: 1 | H7: 2022 | J7: 44572 | K7: 482.3 | L7: 546.6 | M7: 6.4
A8: 12.01.2022 | B8: 481.49 | C8: 547.21 | D8: 6.47 | F8: 12 | G8: 1 | H8: 2022 | J8: 44573 | K8: 481.5 | L8: 547.2 | M8: 6.5
A9: 13.01.2022 | B9: 480.83 | C9: 551.46 | D9: 6.44 | F9: 13 | G9: 1 | H9: 2022 | J9: 44574 | K9: 480.8 | L9: 551.5 | M9: 6.4
A10: 14.01.2022 | B10: 480.88 | C10: 550.94 | D10: 6.32 | F10: 14 | G10: 1 | H10: 2022 | J10: 44575 | K10: 480.9 | L10: 550.9 | M10: 6.3
A11: 17.01.2022 | B11: 481.49 | C11: 550.01 | D11: 6.3 | F11: 17 | G11: 1 | H11: 2022 | J11: 44578 | K11: 481.5 | L11: 550 | M11: 6.3
A12: 18.01.2022 | B12: 481.52 | C12: 548.74 | D12: 6.28 | F12: 18 | G12: 1 | H12: 2022 | J12: 44579 | K12: 481.5 | L12: 548.7 | M12: 6.3
A13: 19.01.2022 | B13: 481.65 | C13: 546.14 | D13: 6.3 | F13: 19 | G13: 1 | H13: 2022 | J13: 44580 | K13: 481.7 | L13: 546.1 | M13: 6.3
A14: 20.01.2022 | B14: 481.66 | C14: 546.54 | D14: 6.29 | F14: 20 | G14: 1 | H14: 2022 | J14: 44581 | K14: 481.7 | L14: 546.5 | M14: 6.3
... A413: 18.08.2023 | B413: 386.13 | C413: 419.49 | D413: 4.12 | F413: 18 | G413: 8 | H413: 2023 | J413: 45156 | K413: 386.13 | L413: 419.49 | M413: 4.12
A414: 21.08.2023 | B414: 385.88 | C414: 420.53 | D414: 4.1 | F414: 21 | G414: 08 | H414: 2023 | J414: 45159 | K414: 385.88 | L414: 420.53 | M414: 4.1
A415: 22.08.2023 | B415: 385.79 | C415: 420.01 | D415: 4.1 | F415: 22 | G415: 08 | H415: 2023 | J415: 45160 | K415: 385.79 | L415: 420.01 | M415: 4.1
A416: 23.08.2023 | B416: 386.8 | C416: 417.94 | D416: 4.1 | F416: 23 | G416: 08 | H416: 2023 | J416: 45161 | K416: 386.8 | L416: 417.94 | M416: 4.1
A417: 24.08.2023 | B417: 385.96 | C417: 418.92 | D417: 4.09 | F417: 24 | G417: 08 | H417: 2023 | J417: 45162 | K417: 385.96 | L417: 418.92 | M417: 4.09
A418: 25.08.2023 | B418: 385.98 | C418: 416.97 | D418: 4.08 | F418: 25 | G418: 08 | H418: 2023 | J418: 45163 | K418: 385.98 | L418: 416.97 | M418: 4.08
A419: 28.08.2023 | B419: 385.99 | C419: 417.26 | D419: 4.05 | F419: 28 | G419: 08 | H419: 2023 | J419: 45166 | K419: 385.99 | L419: 417.26 | M419: 4.05
A420: 29.08.2023 | B420: 386.15 | C420: 417.27 | D420: 4.02 | F420: 29 | G420: 08 | H420: 2023 | J420: 45167 | K420: 386.15 | L420: 417.27 | M420: 4.02
A421: 30.08.2023 | B421: 385.98 | C421: 420.37 | D421: 4.02 | F421: 30 | G421: 08 | H421: 2023 | J421: 45168 | K421: 385.98 | L421: 420.37 | M421: 4.02
A422: 31.08.2023 | B422: 385.78 | C422: 419.38 | D422: 4 | F422: 31 | G422: 08 | H422: 2023 | J422: 45169 | K422: 385.78 | L422: 419.38 | M422: 4
A423: 01.09.2023 | B423: 385.9 | C423: 418.43 | D423: 4 | F423: 01 | G423: 09 | H423: 2023 | J423: 45170 | K423: 385.9 | L423: 418.43 | M423: 4
A424: 04.09.2023 | B424: 385.79 | C424: 416.81 | D424: 3.99 | F424: 04 | G424: 09 | H424: 2023 | J424: 45173 | K424: 385.79 | L424: 416.81 | M424: 3.99
A425: 05.09.2023 | B425: 385.81 | C425: 414.32 | D425: 3.95 | F425: 05 | G425: 09 | H425: 2023 | J425: 45174 | K425: 385.81 | L425: 414.32 | M425: 3.95
... A563: 05.03.2024 | B563: 404.03 | C563: 438.37 | D563: 4.44 | F563: 05 | G563: 03 | H563: 2024 | J563: 45356 | K563: 404.03 | L563: 438.37 | M563: 4.44
A564: 06.03.2024 | B564: 403.94 | C564: 439.41 | D564: 4.47 | F564: 6 | G564: 3 | H564: 2024 | J564: 45357 | K564: 403.94 | L564: 439.41 | M564: 4.47
A565: 07.03.2024 | B565: 403.71 | C565: 439.88 | D565: 4.45 | F565: 7 | G565: 3 | H565: 2024 | J565: 45358 | K565: 403.71 | L565: 439.88 | M565: 4.45
A566: 11.03.2024 | B566: 403.58 | C566: 441.52 | D566: 4.45 | F566: 11 | G566: 3 | H566: 2024 | J566: 45362 | K566: 403.58 | L566: 441.52 | M566: 4.45
A567: 12.03.2024 | B567: 403.38 | C567: 441.06 | D567: 4.43 | F567: 12 | G567: 3 | H567: 2024 | J567: 45363 | K567: 403.38 | L567: 441.06 | M567: 4.43
A568: 13.03.2024 | B568: 402.9 | C568: 440.41 | D568: 4.4 | F568: 13 | G568: 3 | H568: 2024 | J568: 45364 | K568: 402.9 | L568: 440.41 | M568: 4.4
A569: 14.03.2024 | B569: 402.65 | C569: 440.42 | D569: 4.4 | F569: 14 | G569: 3 | H569: 2024 | J569: 45365 | K569: 402.65 | L569: 440.42 | M569: 4.4
A570: 15.03.2024 | B570: 402.63 | C570: 438.46 | D570: 4.38 | F570: 15 | G570: 3 | H570: 2024 | J570: 45366 | K570: 402.63 | L570: 438.46 | M570: 4.38
A571: 18.03.2024 | B571: 401.96 | C571: 438.1 | D571: 4.37 | F571: 18 | G571: 3 | H571: 2024 | J571: 45369 | K571: 401.96 | L571: 438.1 | M571: 4.37
A572: 19.03.2024 | B572: 401.27 | C572: 435.14 | D572: 4.34 | F572: 19 | G572: 3 | H572: 2024 | J572: 45370 | K572: 401.27 | L572: 435.14 | M572: 4.34
A573: 20.03.2024 | B573: 399.77 | C573: 433.35 | D573: 4.31 | F573: 20 | G573: 3 | H573: 2024 | J573: 45371 | K573: 399.77 | L573: 433.35 | M573: 4.31
A574: 21.03.2024 | B574: 398.48 | C574: 435.1 | D574: 4.35 | F574: 21 | G574: 3 | H574: 2024 | J574: 45372 | K574: 398.48 | L574: 435.1 | M574: 4.35
A575: 22.03.2024 | B575: 397.76 | C575: 430.26 | D575: 4.28 | F575: 22 | G575: 3 | H575: 2024 | J575: 45373 | K575: 397.76 | L575: 430.26 | M575: 4.28
... A608: 13.05.2024 | B608: 387.64 | C608: 417.91 | D608: 4.24 | F608: 13 | G608: 5 | H608: 2024 | J608: 45425 | K608: 387.64 | L608: 417.91 | M608: 4.24
A609: 14.05.2024 | B609: 387.69 | C609: 418.59 | D609: 4.24 | F609: =LEFT(A609,2) -> 14 | G609: =MID(A609,4,2) -> 05 | H609: =RIGHT(A609,4) -> 2024 | J609: =DATE(H609,G609,F609) -> 45426 | K609: =B609 -> 387.69 | L609: =C609 -> 418.59 | M609: =D609 -> 4.24
A610: 15.05.2024 | B610: 387.52 | C610: 419.49 | D610: 4.25 | F610: =LEFT(A610,2) -> 15 | G610: =MID(A610,4,2) -> 05 | H610: =RIGHT(A610,4) -> 2024 | J610: =DATE(H610,G610,F610) -> 45427 | K610: =B610 -> 387.52 | L610: =C610 -> 419.49 | M610: =D610 -> 4.25
A611: 16.05.2024 | B611: 388.09 | C611: 421.93 | D611: 4.27 | F611: =LEFT(A611,2) -> 16 | G611: =MID(A611,4,2) -> 05 | H611: =RIGHT(A611,4) -> 2024 | J611: =DATE(H611,G611,F611) -> 45428 | K611: =B611 -> 388.09 | L611: =C611 -> 421.93 | M611: =D611 -> 4.27
A612: 17.05.2024 | B612: 387.6 | C612: 420.12 | D612: 4.26 | F612: =LEFT(A612,2) -> 17 | G612: =MID(A612,4,2) -> 05 | H612: =RIGHT(A612,4) -> 2024 | J612: =DATE(H612,G612,F612) -> 45429 | K612: =B612 -> 387.6 | L612: =C612 -> 420.12 | M612: =D612 -> 4.26
A613: 20.05.2024 | B613: 387.97 | C613: 421.76 | D613: 4.29 | F613: =LEFT(A613,2) -> 20 | G613: =MID(A613,4,2) -> 05 | H613: =RIGHT(A613,4) -> 2024 | J613: =DATE(H613,G613,F613) -> 45432 | K613: =B613 -> 387.97 | L613: =C613 -> 421.76 | M613: =D613 -> 4.29
A614: 21.05.2024 | B614: 388.24 | C614: 421.9 | D614: 4.29 | F614: =LEFT(A614,2) -> 21 | G614: =MID(A614,4,2) -> 05 | H614: =RIGHT(A614,4) -> 2024 | J614: =DATE(H614,G614,F614) -> 45433 | K614: =B614 -> 388.24 | L614: =C614 -> 421.9 | M614: =D614 -> 4.29
A615: 22.05.2024 | B615: 388.37 | C615: 420.88 | D615: 4.31 | F615: =LEFT(A615,2) -> 22 | G615: =MID(A615,4,2) -> 05 | H615: =RIGHT(A615,4) -> 2024 | J615: =DATE(H615,G615,F615) -> 45434 | K615: =B615 -> 388.37 | L615: =C615 -> 420.88 | M615: =D615 -> 4.31
A616: 23.05.2024 | B616: 387.58 | C616: 420.29 | D616: 4.29 | F616: =LEFT(A616,2) -> 23 | G616: =MID(A616,4,2) -> 05 | H616: =RIGHT(A616,4) -> 2024 | J616: =DATE(H616,G616,F616) -> 45435 | K616: =B616 -> 387.58 | L616: =C616 -> 420.29 | M616: =D616 -> 4.29
A617: 24.05.2024 | B617: 387.77 | C617: 420.38 | D617: 4.33 | F617: =LEFT(A617,2) -> 24 | G617: =MID(A617,4,2) -> 05 | H617: =RIGHT(A617,4) -> 2024 | J617: =DATE(H617,G617,F617) -> 45436 | K617: =B617 -> 387.77 | L617: =C617 -> 420.38 | M617: =D617 -> 4.33
A618: 27.05.2024 | B618: 388.03 | C618: 421.56 | D618: 4.38 | F618: =LEFT(A618,2) -> 27 | G618: =MID(A618,4,2) -> 05 | H618: =RIGHT(A618,4) -> 2024 | J618: =DATE(H618,G618,F618) -> 45439 | K618: =B618 -> 388.03 | L618: =C618 -> 421.56 | M618: =D618 -> 4.38
A619: 29.05.2024 | B619: 387.5 | C619: 420.32 | D619: 4.32 | F619: =LEFT(A619,2) -> 29 | G619: =MID(A619,4,2) -> 05 | H619: =RIGHT(A619,4) -> 2024 | J619: =DATE(H619,G619,F619) -> 45441 | K619: =B619 -> 387.5 | L619: =C619 -> 420.32 | M619: =D619 -> 4.32
A620: 30.05.2024 | B620: 388.32 | C620: 420.01 | D620: 4.32 | F620: =LEFT(A620,2) -> 30 | G620: =MID(A620,4,2) -> 05 | H620: =RIGHT(A620,4) -> 2024 | J620: =DATE(H620,G620,F620) -> 45442 | K620: =B620 -> 388.32 | L620: =C620 -> 420.01 | M620: =D620 -> 4.32
... A623: 04.06.2024 | B623: 387.34 | C623: 420.92 | D623: 4.36 | F623: =LEFT(A623,2) -> 04 | G623: =MID(A623,4,2) -> 06 | H623: =RIGHT(A623,4) -> 2024 | J623: =DATE(H623,G623,F623) -> 45447 | K623: =B623 -> 387.34 | L623: =C623 -> 420.92 | M623: =D623 -> 4.36
A624: 05.06.2024 | B624: 388.17 | C624: 421.86 | D624: 4.38 | F624: =LEFT(A624,2) -> 05 | G624: =MID(A624,4,2) -> 06 | H624: =RIGHT(A624,4) -> 2024 | J624: =DATE(H624,G624,F624) -> 45448 | K624: 388.17 | L624: 421.86 | M624: 4.38
H625: =RIGHT(A625,4) | J625: 45449 | K625: 387.65 | L625: 421.61 | M625: 4.36
H626: =RIGHT(A626,4) | J626: 45450 | K626: 387.71 | L626: 422.14 | M626: 4.37
H627: =RIGHT(A627,4) | J627: 45453 | K627: 387.54 | L627: 416.1 | M627: 4.37
H628: =RIGHT(A628,4) | J628: 45454 | K628: 387.58 | L628: 416.22 | M628: 4.35
H629: =RIGHT(A629,4) | J629: 45455 | K629: 387.61 | L629: 416.95 | M629: 4.36
H630: =RIGHT(A630,4) | J630: 45456 | K630: 388.04 | L630: 418.85 | M630: 4.36
H631: =RIGHT(A631,4) | J631: 45457 | K631: 388.49 | L631: 415.57 | M631: 4.4
H632: =RIGHT(A632,4) | J632: 45460 | K632: 388.78 | L632: 416.42 | M632: 4.37
H633: =RIGHT(A633,4) | J633: 45461 | K633: 388.73 | L633: 416.6 | M633: 4.37
H634: =RIGHT(A634,4) | J634: 45462 | K634: 388.58 | L634: 417.72 | M634: 4.46
H635: =RIGHT(A635,4) | J635: 45463 | K635: 388.16 | L635: 416.42 | M635: 4.7
H636: =RIGHT(A636,4) | J636: 45464 | K636: 388.52 | L636: 415.06 | M636: 4.55
... H643: =RIGHT(A643,4) | J643: 45475 | K643: 388.16 | L643: 415.99 | M643: 4.45
J644: 45476 | K644: 388.24 | L644: 417.71 | M644: 4.41
J645: 45477 | K645: 387.97 | L645: 419.05 | M645: 4.41
J646: 45481 | K646: 387.88 | L646: 420.04 | M646: 4.4
J647: 45482 | K647: 388.01 | L647: 419.9 | M647: 4.4
J648: 45483 | K648: 387.89 | L648: 419.7 | M648: 4.41
J649: 45484 | K649: 388.45 | L649: 421.47 | M649: 4.42
J650: 45485 | K650: 388 | L650: 422.53 | M650: 4.41
J651: 45488 | K651: 387.81 | L651: 423.14 | M651: 4.42
J652: 45489 | K652: 387.97 | L652: 422.89 | M652: 4.42
J653: 45490 | K653: 388.23 | L653: 424.37 | M653: 4.4
J654: 45491 | K654: 387.99 | L654: 424.19 | M654: 4.4
J655: 45492 | K655: 388.37 | L655: 422.7 | M655: 4.42
... J674: 45519 | K674: 388.26 | L674: 427.51 | M674: 4.38
J675: 45520

Sheet Figure 3.D.6
B1: Yield on Eurobonds maturing in 2029 | C1: Country Risk Premium | E1: Figure 3.D.6 Yield on Armenian Eurobonds Maturing in 2029 and Estimated Country Risk Premium
A2: 44197 | B2: 3.809 | C2: 298.687 | E2: Yields, Percent (LHS); Country Risk Premium, Basis Points (RHS)
A3: 44200 | B3: 3.7605 | C3: 295.111
A4: 44201 | B4: 3.78 | C4: 293.494
A5: 44202 | B5: 3.762 | C5: 284.948
A6: 44203 | B6: 3.7875 | C6: 282.313
A7: 44204 | B7: 3.7465 | C7: 279.828
A8: 44207 | B8: 3.7255 | C8: 275.701
A9: 44208 | B9: 3.728 | C9: 268.481
A10: 44209 | B10: 3.691 | C10: 270.975
A11: 44210 | B11: 3.592 | C11: 269.842
A12: 44211 | B12: 3.5505 | C12: 256.709
A13: 44214 | B13: 3.5505 | C13: 256.709
A14: 44215 | B14: 3.5605 | C14: 258.547
... A945: 45518 | B945: 6.8205 | C945: 345.891

Sheet Figure 3.F.1.Panel 1
B1: ՀՀ ռիսկ հավելավճար | C1: ԿԲ եկարաժամկետ կայուն մակարդակի գնահատական | D1: Դամոդարան
A2: 43728 | B2: 252.291 | G2: Գծապատկեր 3.Զ.1.Մաս Ա: ՀՀ ռիսկ հավելավճարի և երկարաժամկետ կայուն մակարդակի վերաբերյալ գնահատականներ
A3: 43731 | B3: 252.688 | G3: ՀՀ ռիսկ հավելավճար, բազիսային կետ
A4: 43732 | B4: 259.39
A5: 43733 | B5: 255.538
A6: 43734 | B6: 259.229
A7: 43735 | B7: 259.241
A8: 43738 | B8: 261.6
A9: 43739 | B9: 266.758
A10: 43740 | B10: 273.059
A11: 43741 | B11: 282.603
A12: 43742 | B12: 275.695
A13: 43745 | B13: 273.277
A14: 43746 | B14: 277.25
A15: 43747 | B15: 273.143
... A1026: 45161 | B1026: 326.811
A1027: 45162 | B1027: 326.157 | C1027: 450
A1028: 45163 | B1028: 324.918 | C1028: 450
A1029: 45166 | B1029: 329.714 | C1029: 450
A1030: 45167 | B1030: 332.778 | C1030: 450
A1031: 45168 | B1031: 333.323 | C1031: 450
A1032: 45169 | B1032: 329.568 | C1032: 450
A1033: 45170 | B1033: 331.759 | C1033: 450
A1034: 45173 | B1034: 331.759 | C1034: 450
A1035: 45174 | B1035: 322.513 | C1035: 450
A1036: 45175 | B1036: 323.751 | C1036: 450
A1037: 45176 | B1037: 324.368 | C1037: 450
A1038: 45177 | B1038: 325.553 | C1038: 450
... A1249: 45475 | B1249: 295.352 | C1249: 450
A1250: 45476 | B1250: 297.289 | C1250: 450 | D1250: 440
A1251: 45477 | B1251: 297.289 | C1251: 450 | D1251: 440
A1252: 45478 | B1252: 304.304 | C1252: 450 | D1252: 440
A1253: 45481 | B1253: 297.381 | C1253: 450 | D1253: 440
A1254: 45482 | B1254: 297.816 | C1254: 450 | D1254: 440
A1255: 45483 | B1255: 300.771 | C1255: 450 | D1255: 440
A1256: 45484 | B1256: 306.39 | C1256: 450 | D1256: 440
A1257: 45485 | B1257: 305.385 | C1257: 450 | D1257: 440
A1258: 45488 | B1258: 304.8 | C1258: 450 | D1258: 440
A1259: 45489 | B1259: 306.416 | C1259: 450 | D1259: 440
A1260: 45490 | B1260: 308.238 | C1260: 450 | D1260: 440
A1261: 45491 | B1261: 311.549 | C1261: 450 | D1261: 440
... A1287: 45527 | B1287: 323.789 | C1287: 450 | D1287: 440

Sheet Figure 3.F.1.Panel 2
A1: date | B1: FFR | C1: Inverted EMBI | D1: 10 Year US Treasury Rate | E1: EMBI Gap
A2: 39450 | B2: =INDEX('[4]Fed Funds rate'!B:B,MATCH('Figure 3.F.1.Panel 2'!A2,'[4]Fed Funds rate'!A:A,0)) -> 4.25 | C2: -409.61 | D2: =INDEX([4]Treasury!B:B,MATCH('Figure 3.F.1.Panel 2'!A2,[4]Treasury!A:A,0)) -> 3.91 | E2: -9.3260737
A3: 39451 | B3: =INDEX('[4]Fed Funds rate'!B:B,MATCH('Figure 3.F.1.Panel 2'!A3,'[4]Fed Funds rate'!A:A,0)) -> 4.18 | C3: -409.86 | D3: =INDEX([4]Treasury!B:B,MATCH('Figure 3.F.1.Panel 2'!A3,[4]Treasury!A:A,0)) -> 3.88 | E3: -9.2849451
A4: 39454 | B4: =INDEX('[4]Fed Funds rate'!B:B,MATCH('Figure 3.F.1.Panel 2'!A4,'[4]Fed Funds rate'!A:A,0)) -> 4.27 | C4: -410.39 | D4: =INDEX([4]Treasury!B:B,MATCH('Figure 3.F.1.Panel 2'!A4,[4]Treasury!A:A,0)) -> 3.86 | E4: -9.1756026
A5: 39455 | B5: =INDEX('[4]Fed Funds rate'!B:B,MATCH('Figure 3.F.1.Panel 2'!A5,'[4]Fed Funds rate'!A:A,0)) -> 4.27 | C5: -411.23 | D5: =INDEX([4]Treasury!B:B,MATCH('Figure 3.F.1.Panel 2'!A5,[4]Treasury!A:A,0)) -> 3.86 | E5: -8.9910149
A6: 39456 | B6: =INDEX('[4]Fed Funds rate'!B:B,MATCH('Figure 3.F.1.Panel 2'!A6,'[4]Fed Funds rate'!A:A,0)) -> 4.26 | C6: -410.74 | D6: =INDEX([4]Treasury!B:B,MATCH('Figure 3.F.1.Panel 2'!A6,[4]Treasury!A:A,0)) -> 3.82 | E6: -9.1301272
A7: 39457 | B7: =INDEX('[4]Fed Funds rate'!B:B,MATCH('Figure 3.F.1.Panel 2'!A7,'[4]Fed Funds rate'!A:A,0)) -> 4.26 | C7: -410.65 | D7: =INDEX([4]Treasury!B:B,MATCH('Figure 3.F.1.Panel 2'!A7,[4]Treasury!A:A,0)) -> 3.91 | E7: -9.1719277
A8: 39458 | B8: =INDEX('[4]Fed Funds rate'!B:B,MATCH('Figure 3.F.1.Panel 2'!A8,'[4]Fed Funds rate'!A:A,0)) -> 4.23 | C8: -410.87 | D8: =INDEX([4]Treasury!B:B,MATCH('Figure 3.F.1.Panel 2'!A8,[4]Treasury!A:A,0)) -> 3.82 | E8: -9.1382549
A9: 39461 | B9: =INDEX('[4]Fed Funds rate'!B:B,MATCH('Figure 3.F.1.Panel 2'!A9,'[4]Fed Funds rate'!A:A,0)) -> 4.24 | C9: -411.2 | D9: =INDEX([4]Treasury!B:B,MATCH('Figure 3.F.1.Panel 2'!A9,[4]Treasury!A:A,0)) -> 3.81 | E9: -9.0778562
A10: 39462 | B10: =INDEX('[4]Fed Funds rate'!B:B,MATCH('Figure 3.F.1.Panel 2'!A10,'[4]Fed Funds rate'!A:A,0)) -> 4.24 | C10: -411.53 | D10: =INDEX([4]Treasury!B:B,MATCH('Figure 3.F.1.Panel 2'!A10,[4]Treasury!A:A,0)) -> 3.72 | E10: -9.0175219
A11: 39463 | B11: =INDEX('[4]Fed Funds rate'!B:B,MATCH('Figure 3.F.1.Panel 2'!A11,'[4]Fed Funds rate'!A:A,0)) -> 4.22 | C11: -412.15 | D11: =INDEX([4]Treasury!B:B,MATCH('Figure 3.F.1.Panel 2'!A11,[4]Treasury!A:A,0)) -> 3.74 | E11: -8.8868645 | G11: =680/600*100-100 -> 13.333333
A12: 39464 | B12: =INDEX('[4]Fed Funds rate'!B:B,MATCH('Figure 3.F.1.Panel 2'!A12,'[4]Fed Funds rate'!A:A,0)) -> 4.23 | C12: -411.59 | D12: =INDEX([4]Treasury!B:B,MATCH('Figure 3.F.1.Panel 2'!A12,[4]Treasury!A:A,0)) -> 3.66 | E12: -9.0427162
A13: 39465 | B13: =INDEX('[4]Fed Funds rate'!B:B,MATCH('Figure 3.F.1.Panel 2'!A13,'[4]Fed Funds rate'!A:A,0)) -> 4.17 | C13: -410.74 | D13: =INDEX([4]Treasury!B:B,MATCH('Figure 3.F.1.Panel 2'!A13,[4]Treasury!A:A,0)) -> 3.66 | E13: -9.2693324
A14: 39469 | B14: =INDEX('[4]Fed Funds rate'!B:B,MATCH('Figure 3.F.1.Panel 2'!A14,'[4]Fed Funds rate'!A:A,0)) -> 3.68 | C14: -409.96 | D14: =INDEX([4]Treasury!B:B,MATCH('Figure 3.F.1.Panel 2'!A14,[4]Treasury!A:A,0)) -> 3.52 | E14: -9.4793005
A15: 39470 | B15: =INDEX('[4]Fed Funds rate'!B:B,MATCH('Figure 3.F.1.Panel 2'!A15,'[4]Fed Funds rate'!A:A,0)) -> 3.43 | C15: -410.74 | D15: =INDEX([4]Treasury!B:B,MATCH('Figure 3.F.1.Panel 2'!A15,[4]Treasury!A:A,0)) -> 3.51 | E15: -9.3091053
A16: 39471 | B16: =INDEX('[4]Fed Funds rate'!B:B,MATCH('Figure 3.F.1.Panel 2'!A16,'[4]Fed Funds rate'!A:A,0)) -> 3.47 | C16: -411.26 | D16: =INDEX([4]Treasury!B:B,MATCH('Figure 3.F.1.Panel 2'!A16,[4]Treasury!A:A,0)) -> 3.68 | E16: -9.2024711 | G16: =940/700*100-100 -> 34.285714
A17: 39472 | B17: =INDEX('[4]Fed Funds rate'!B:B,MATCH('Figure 3.F.1.Panel 2'!A17,'[4]Fed Funds rate'!A:A,0)) -> 3.6 | C17: -411.15 | D17: =INDEX([4]Treasury!B:B,MATCH('Figure 3.F.1.Panel 2'!A17,[4]Treasury!A:A,0)) -> 3.61 | E17: -9.2491082
A18: 39475 | B18: =INDEX('[4]Fed Funds rate'!B:B,MATCH('Figure 3.F.1.Panel 2'!A18,'[4]Fed Funds rate'!A:A,0)) -> 3.5 | C18: -411.41 | D18: =INDEX([4]Treasury!B:B,MATCH('Figure 3.F.1.Panel 2'!A18,[4]Treasury!A:A,0)) -> 3.61 | E18: -9.2057773
A19: 39476 | B19: =INDEX('[4]Fed Funds rate'!B:B,MATCH('Figure 3.F.1.Panel 2'!A19,'[4]Fed Funds rate'!A:A,0)) -> 3.47 | C19: -411.42 | D19: =INDEX([4]Treasury!B:B,MATCH('Figure 3.F.1.Panel 2'!A19,[4]Treasury!A:A,0)) -> 3.69 | E19: -9.2232332
A20: 39477 | B20: =INDEX('[4]Fed Funds rate'!B:B,MATCH('Figure 3.F.1.Panel 2'!A20,'[4]Fed Funds rate'!A:A,0)) -> 3.26 | C20: -411.72 | D20: =INDEX([4]Treasury!B:B,MATCH('Figure 3.F.1.Panel 2'!A20,[4]Treasury!A:A,0)) -> 3.78 | E20: -9.170228
A21: 39478 | B21: =INDEX('[4]Fed Funds rate'!B:B,MATCH('Figure 3.F.1.Panel 2'!A21,'[4]Fed Funds rate'!A:A,0)) -> 3.22 | C21: -412.06 | D21: =INDEX([4]Treasury!B:B,MATCH('Figure 3.F.1.Panel 2'!A21,[4]Treasury!A:A,0)) -> 3.67 | E21: -9.1075682
A22: 39479 | B22: =INDEX('[4]Fed Funds rate'!B:B,MATCH('Figure 3.F.1.Panel 2'!A22,'[4]Fed Funds rate'!A:A,0)) -> 3.12 | C22: -412.48 | D22: =INDEX([4]Treasury!B:B,MATCH('Figure 3.F.1.Panel 2'!A22,[4]Treasury!A:A,0)) -> 3.62 | E22: -9.0255796
A23: 39482 | B23: =INDEX('[4]Fed Funds rate'!B:B,MATCH('Figure 3.F.1.Panel 2'!A23,'[4]Fed Funds rate'!A:A,0)) -> 2.82 | C23: -412.5 | D23: =INDEX([4]Treasury!B:B,MATCH('Figure 3.F.1.Panel 2'!A23,[4]Treasury!A:A,0)) -> 3.68 | E23: -9.0406175
A24: 39483 | B24: =INDEX('[4]Fed Funds rate'!B:B,MATCH('Figure 3.F.1.Panel 2'!A24,'[4]Fed Funds rate'!A:A,0)) -> 2.71 | C24: -411.91 | D24: =INDEX([4]Treasury!B:B,MATCH('Figure 3.F.1.Panel 2'!A24,[4]Treasury!A:A,0)) -> 3.61 | E24: -9.2036366
A25: 39484 | B25: =INDEX('[4]Fed Funds rate'!B:B,MATCH('Figure 3.F.1.Panel 2'!A25,'[4]Fed Funds rate'!A:A,0)) -> 2.94 | C25: -411.9 | D25: =INDEX([4]Treasury!B:B,MATCH('Figure 3.F.1.Panel 2'!A25,[4]Treasury!A:A,0)) -> 3.61 | E25: -9.2259508
A26: 39485 | B26: =INDEX('[4]Fed Funds rate'!B:B,MATCH('Figure 3.F.1.Panel 2'!A26,'[4]Fed Funds rate'!A:A,0)) -> 3.03 | C26: -410.4 | D26: =INDEX([4]Treasury!B:B,MATCH('Figure 3.F.1.Panel 2'!A26,[4]Treasury!A:A,0)) -> 3.74 | E26: -9.610668
A27: 39486 | B27: =INDEX('[4]Fed Funds rate'!B:B,MATCH('Figure 3.F.1.Panel 2'!A27,'[4]Fed Funds rate'!A:A,0)) -> 3.05 | C27: -407.8 | D27: =INDEX([4]Treasury!B:B,MATCH('Figure 3.F.1.Panel 2'!A27,[4]Treasury!A:A,0)) -> 3.64 | E27: -10.266098
A28: 39489 | B28: =INDEX('[4]Fed Funds rate'!B:B,MATCH('Figure 3.F.1.Panel 2'!A28,'[4]Fed Funds rate'!A:A,0)) -> 2.88 | C28: -408.12 | D28: =INDEX([4]Treasury!B:B,MATCH('Figure 3.F.1.Panel 2'!A28,[4]Treasury!A:A,0)) -> 3.62 | E28: -10.207545
... A1247: 41274 | B1247: =INDEX('[4]Fed Funds rate'!B:B,MATCH('Figure 3.F.1.Panel 2'!A1247,'[4]Fed Funds rate'!A:A,0)) -> 0.09 | C1247: -672.1 | D1247: =INDEX([4]Treasury!B:B,MATCH('Figure 3.F.1.Panel 2'!A1247,[4]Treasury!A:A,0)) -> 1.78 | E1247: 15.538568
A1248: 41275 | B1248: 0.1 | C1248: -672.1 | D1248: 1.8 | E1248: 15.518983
A1249: 41276 | B1249: =INDEX('[4]Fed Funds rate'!B:B,MATCH('Figure 3.F.1.Panel 2'!A1249,'[4]Fed Funds rate'!A:A,0)) -> 0.17 | C1249: -674.23 | D1249: =INDEX([4]Treasury!B:B,MATCH('Figure 3.F.1.Panel 2'!A1249,[4]Treasury!A:A,0)) -> 1.86 | E1249: 15.815815
A1250: 41277 | B1250: =INDEX('[4]Fed Funds rate'!B:B,MATCH('Figure 3.F.1.Panel 2'!A1250,'[4]Fed Funds rate'!A:A,0)) -> 0.17 | C1250: -675.82 | D1250: =INDEX([4]Treasury!B:B,MATCH('Figure 3.F.1.Panel 2'!A1250,[4]Treasury!A:A,0)) -> 1.92 | E1250: 16.031778
A1251: 41278 | B1251: =INDEX('[4]Fed Funds rate'!B:B,MATCH('Figure 3.F.1.Panel 2'!A1251,'[4]Fed Funds rate'!A:A,0)) -> 0.16 | C1251: -674.65 | D1251: =INDEX([4]Treasury!B:B,MATCH('Figure 3.F.1.Panel 2'!A1251,[4]Treasury!A:A,0)) -> 1.93 | E1251: 15.838922
A1252: 41281 | B1252: =INDEX('[4]Fed Funds rate'!B:B,MATCH('Figure 3.F.1.Panel 2'!A1252,'[4]Fed Funds rate'!A:A,0)) -> 0.16 | C1252: -673.03 | D1252: =INDEX([4]Treasury!B:B,MATCH('Figure 3.F.1.Panel 2'!A1252,[4]Treasury!A:A,0)) -> 1.92 | E1252: 15.578927
A1253: 41282 | B1253: =INDEX('[4]Fed Funds rate'!B:B,MATCH('Figure 3.F.1.Panel 2'!A1253,'[4]Fed Funds rate'!A:A,0)) -> 0.15 | C1253: -670.93 | D1253: =INDEX([4]Treasury!B:B,MATCH('Figure 3.F.1.Panel 2'!A1253,[4]Treasury!A:A,0)) -> 1.89 | E1253: 15.246835
A1254: 41283 | B1254: =INDEX('[4]Fed Funds rate'!B:B,MATCH('Figure 3.F.1.Panel 2'!A1254,'[4]Fed Funds rate'!A:A,0)) -> 0.14 | C1254: -670.36 | D1254: =INDEX([4]Treasury!B:B,MATCH('Figure 3.F.1.Panel 2'!A1254,[4]Treasury!A:A,0)) -> 1.88 | E1254: 15.142261
A1255: 41284 | B1255: =INDEX('[4]Fed Funds rate'!B:B,MATCH('Figure 3.F.1.Panel 2'!A1255,'[4]Fed Funds rate'!A:A,0)) -> 0.14 | C1255: -670.25 | D1255: =INDEX([4]Treasury!B:B,MATCH('Figure 3.F.1.Panel 2'!A1255,[4]Treasury!A:A,0)) -> 1.91 | E1255: 15.10627
A1256: 41285 | B1256: =INDEX('[4]Fed Funds rate'!B:B,MATCH('Figure 3.F.1.Panel 2'!A1256,'[4]Fed Funds rate'!A:A,0)) -> 0.14 | C1256: -668.84 | D1256: =INDEX([4]Treasury!B:B,MATCH('Figure 3.F.1.Panel 2'!A1256,[4]Treasury!A:A,0)) -> 1.89 | E1256: 14.876099
A1257: 41288 | B1257: =INDEX('[4]Fed Funds rate'!B:B,MATCH('Figure 3.F.1.Panel 2'!A1257,'[4]Fed Funds rate'!A:A,0)) -> 0.14 | C1257: -669.74 | D1257: =INDEX([4]Treasury!B:B,MATCH('Figure 3.F.1.Panel 2'!A1257,[4]Treasury!A:A,0)) -> 1.89 | E1257: 14.990991
A1258: 41289 | B1258: =INDEX('[4]Fed Funds rate'!B:B,MATCH('Figure 3.F.1.Panel 2'!A1258,'[4]Fed Funds rate'!A:A,0)) -> 0.15 | C1258: -670.56 | D1258: =INDEX([4]Treasury!B:B,MATCH('Figure 3.F.1.Panel 2'!A1258,[4]Treasury!A:A,0)) -> 1.86 | E1258: 15.093773
A1259: 41290 | B1259: =INDEX('[4]Fed Funds rate'!B:B,MATCH('Figure 3.F.1.Panel 2'!A1259,'[4]Fed Funds rate'!A:A,0)) -> 0.14 | C1259: -670.95 | D1259: =INDEX([4]Treasury!B:B,MATCH('Figure 3.F.1.Panel 2'!A1259,[4]Treasury!A:A,0)) -> 1.84 | E1259: 15.132338
A1260: 41291 | B1260: =INDEX('[4]Fed Funds rate'!B:B,MATCH('Figure 3.F.1.Panel 2'!A1260,'[4]Fed Funds rate'!A:A,0)) -> 0.14 | C1260: -670.94 | D1260: =INDEX([4]Treasury!B:B,MATCH('Figure 3.F.1.Panel 2'!A1260,[4]Treasury!A:A,0)) -> 1.89 | E1260: 15.11127
... A4097: 45440 | B4097: =INDEX('[4]Fed Funds rate'!B:B,MATCH('Figure 3.F.1.Panel 2'!A4097,'[4]Fed Funds rate'!A:A,0)) -> 5.33 | C4097: -858.11 | D4097: =INDEX([4]Treasury!B:B,MATCH('Figure 3.F.1.Panel 2'!A4097,[4]Treasury!A:A,0)) -> 4.54 | E4097: -13.377744

Sheet Figure 3.F.2.
B1: 2024 Q2 | C1: 2024 Q1
A2: Private sector | B2: 2.0766849 | C2: 7.3003918 | E2: Figure 3.F.2: Growth Rate of Salaries in the Private Sector
A3: Agriculture | B3: 15.699841 | C3: 11.043531 | E3: Y-o-Y Growth , %
A4: Mining | B4: -15.498054 | C4: 8.3541795
A5: Manufacturing | B5: 4.0931113 | C5: 5.4162984
A6: Electricity | B6: 10.572676 | C6: -13.328049
A7: Water supply | B7: 6.750665 | C7: 5.1210074
A8: Construction | B8: 3.2442634 | C8: 3.9433112
A9: Retail & wholesale trade | B9: 5.9098491 | C9: 10.066338
A10: Transportation | B10: -3.6137963 | C10: 0.16478389
A11: Public food and accomodation | B11: 6.8688247 | C11: 7.5244043
A12: ICT | B12: 0.50959527 | C12: -4.2623501
A13: Finance & insurance | B13: 13.116936 | C13: 39.835112
A14: Real estate | B14: 9.2883092 | C14: 14.636944
A15: Education | B15: 0.42184635 | C15: 2.9681844
... A18: Other services | B18: 1.7918245 | C18: 6.2485079

Sheet Figure 3.F.3
J1: Figure 3.F.3: Endogenous Interest Rate Path, %
B2: Policy Rate | C2: Case A | D2: Case B | E2: Market Expectations
A3: 2017/1 | B3: 5.9
A4: 2017/2 | B4: 5.5
A5: 2017/3 | B5: 5
A6: 2017/4 | B6: 5.7
A7: 2018/1 | B7: 6
A8: 2018/2 | B8: 5.8
A9: 2018/3 | B9: 6
A10: 2018/4 | B10: 6.2
A11: 2019/1 | B11: 5.7
A12: 2019/2 | B12: 5.8
A13: 2019/3 | B13: 5.7
A14: 2019/4 | B14: 5.4
... A32: 2024/2 | B32: 8.3
A33: 2024/3 | B33: 7.8 | C33: 7.8 | D33: 7.8 | E33: 7.8
A34: 2024/4 | C34: 7.8 | D34: 6.7 | E34: 7.5
A35: 2025/1 | C35: 7.8 | D35: 6.4 | E35: 7.3
A36: 2025/2 | C36: 7.8 | D36: 6.3 | E36: 7
A37: 2025/3 | C37: 7.8 | D37: 6.2 | E37: 7
A38: 2025/4 | C38: 7.8 | D38: 6.2 | E38: 7
A39: 2026/1 | C39: 7.8 | D39: 6.2 | E39: 7
A40: 2026/2 | C40: 7.7 | D40: 6.3 | E40: 7
A41: 2026/3 | C41: 7.7 | D41: 6.4 | E41: 6.9
A42: 2026/4 | C42: 7.7 | D42: 6.5 | E42: 6.9
A43: 2027/1 | C43: 7.7 | D43: 6.6 | E43: 6.9
A44: 2027/2 | C44: 7.7 | D44: 6.9 | E44: 6.9
A45: 2027/3 | C45: 7.7 | D45: 7.1

Sheet Figure 3.F.4
B1: Real GDP Growth | C1: Case B | D1: Case A | F1: Figure 3.F.4: Real GDP Growth, Y-o-Y %
A2: 2017/1 | B2: 7.2
A3: 2017/2 | B3: 6.7
A4: 2017/3 | B4: 4.5
A5: 2017/4 | B5: 11.4
A6: 2018/1 | B6: 9.9
A7: 2018/2 | B7: 7.4
A8: 2018/3 | B8: 2.8
A9: 2018/4 | B9: 3.3
A10: 2019/1 | B10: 7.6
A11: 2019/2 | B11: 7.1
A12: 2019/3 | B12: 8.1
A13: 2019/4 | B13: 7.6
... A30: 2024/1 | B30: 6.6
A31: 2024/2 | B31: 6.4 | C31: 6.4 | D31: 6.4
A32: 2024/3 | C32: 5 | D32: 5.2
A33: 2024/4 | C33: 5.4 | D33: 6.5
A34: 2025/1 | C34: 3.9 | D34: 6
A35: 2025/2 | C35: 3.6 | D35: 6
A36: 2025/3 | C36: 3.7 | D36: 5.7
A37: 2025/4 | C37: 3.7 | D37: 5.7
A38: 2026/1 | C38: 4.3 | D38: 5.5
A39: 2026/2 | C39: 5.6 | D39: 5.5
A40: 2026/3 | C40: 6.1 | D40: 5.5
A41: 2026/4 | C41: 6.2 | D41: 5.5
A42: 2027/1 | C42: 6 | D42: 5.5
A43: 2027/2 | C43: 5.7 | D43: 5.3
A44: 2027/3 | C44: 5.3 | D44: 5.3

Sheet Figure 3.F.5
B1: Headline CPI Inflation | C1: Case B | D1: Case A | E1: Target | G1: Figure 3.F.5: Headline CPI Inflation, Y-o-Y %
A2: 2017/1 | B2: -0.3 | E2: 4
A3: 2017/2 | B3: 1.2 | E3: 4
A4: 2017/3 | B4: 0.9 | E4: 4
A5: 2017/4 | B5: 2 | E5: 4
A6: 2018/1 | B6: 3.3 | E6: 4
A7: 2018/2 | B7: 1.5 | E7: 4
A8: 2018/3 | B8: 3 | E8: 4
A9: 2018/4 | B9: 2.2 | E9: 4
A10: 2019/1 | B10: 1.6 | E10: 4
A11: 2019/2 | B11: 2.3 | E11: 4
A12: 2019/3 | B12: 0.8 | E12: 4
A13: 2019/4 | B13: 0.9 | E13: 4
... A31: 2024/2 | B31: 0.3 | E31: 4
A32: 2024/3 | B32: 1.2 | C32: 1.2 | D32: 1.2 | E32: 4
A33: 2024/4 | C33: 1.4 | D33: 1.4 | E33: 4
A34: 2025/1 | C34: 2.7 | D34: 3 | E34: 4
A35: 2025/2 | C35: 3.2 | D35: 3.6 | E35: 4
A36: 2025/3 | C36: 3 | D36: 3.5 | E36: 4
A37: 2025/4 | C37: 3.3 | D37: 3.9 | E37: 4
A38: 2026/1 | C38: 3.5 | D38: 4 | E38: 4
A39: 2026/2 | C39: 3.7 | D39: 4 | E39: 4
A40: 2026/3 | C40: 3.8 | D40: 4.1 | E40: 4
A41: 2026/4 | C41: 3.8 | D41: 4.2 | E41: 4
A42: 2027/1 | C42: 3.8 | D42: 4.2 | E42: 4
A43: 2027/2 | C43: 3.9 | D43: 4.1 | E43: 4
A44: 2027/3 | C44: 4 | D44: 4 | E44: 4

Sheet Figure 3.F.6
B1: NTSPI | C1: Case B | D1: Case A | F1: Figure 3.F.6: Non-Traded Sticky Price Inflation, Y-o-Y %
A2: 2017/1 | B2: 1.2
A3: 2017/2 | B3: 1.1
A4: 2017/3 | B4: 1
A5: 2017/4 | B5: 0.9
A6: 2018/1 | B6: 1.8
A7: 2018/2 | B7: 2.2
A8: 2018/3 | B8: 2.1
A9: 2018/4 | B9: 2
A10: 2019/1 | B10: 1.3
A11: 2019/2 | B11: 1
A12: 2019/3 | B12: 1.5
A13: 2019/4 | B13: 1.9
... A31: 2024/2 | B31: 2.6
A32: 2024/3 | B32: 2.5 | C32: 2.5 | D32: 2.5
A33: 2024/4 | C33: 2.2 | D33: 2.2
A34: 2025/1 | C34: 2.3 | D34: 2.5
A35: 2025/2 | C35: 2.6 | D35: 3.1
A36: 2025/3 | C36: 3 | D36: 3.7
A37: 2025/4 | C37: 3.2 | D37: 4
A38: 2026/1 | C38: 3.3 | D38: 4.2
A39: 2026/2 | C39: 3.6 | D39: 4.3
A40: 2026/3 | C40: 3.8 | D40: 4.4
A41: 2026/4 | C41: 3.9 | D41: 4.4
A42: 2027/1 | C42: 4 | D42: 4.3
A43: 2027/2 | C43: 3.9 | D43: 4.1
A44: 2027/3 | C44: 4 | D44: 4

Sheet DNU Figure 3.F.7
B1: Potential Output Growth | C1: Case B | D1: Case A | F1: Figure 3.F.7: Potential Output Growth, Y-o-Y %
A2: 2017/1 | B2: 6.555
A3: 2017/2 | B3: 5.75
A4: 2017/3 | B4: 2.975
A5: 2017/4 | B5: 7.85
A6: 2018/1 | B6: 5.65
A7: 2018/2 | B7: 6.2875
A8: 2018/3 | B8: 7.6625
A9: 2018/4 | B9: 6.1825
A10: 2019/1 | B10: 9.2575
A11: 2019/2 | B11: 9.08
A12: 2019/3 | B12: 9.38
A13: 2019/4 | B13: 4.7725
... A28: 2023/3 | B28: 11.8275
A29: 2023/4 | B29: 11.975 | C29: 11.975 | D29: 11.975
A30: 2024/1 | B30: 12.936544 | C30: 13.736544 | D30: 12.936544
A31: 2024/2 | C31: 9.8454331 | D31: 9.1954331
A32: 2024/3 | C32: 9.1615078 | D32: 8.0208279
A33: 2024/4 | C33: 7.7581472 | D33: 6.1513214
A34: 2025/1 | C34: 2.4515972 | D34: 3.7447714
A35: 2025/2 | C35: 1.6477072 | D35: 6.4658814
A36: 2025/3 | C36: -0.1158606 | D36: 7.0429935
A37: 2025/4 | C37: -1.775 | D37: 7.5
A38: 2026/1 | C38: -1.95 | D38: 6.7
A39: 2026/2 | C39: -1.125 | D39: 4.5
A40: 2026/3 | C40: 0.05 | D40: 4.14
A41: 2026/4 | C41: 1.25 | D41: 3.92
A42: 2027/1 | C42: 2.6 | D42: 3.84
A43: 2027/2 | C43: 3.6 | D43: 3.99

Sheet Figure 3.F.7
B1: Output Gap | C1: Case B | D1: Case A | F1: Figure 3.F.7: Output Gap, %
A2: 2017/1 | B2: -3.9
A3: 2017/2 | B3: -2.1
A4: 2017/3 | B4: 2.1
A5: 2017/4 | B5: 0.6
A6: 2018/1 | B6: -1.8
A7: 2018/2 | B7: -1.4
A8: 2018/3 | B8: -0.9
A9: 2018/4 | B9: -2.4
A10: 2019/1 | B10: -5.5
A11: 2019/2 | B11: -3.4
A12: 2019/3 | B12: -0.8
A13: 2019/4 | B13: -0.3
... A28: 2023/3 | B28: 2.6
A29: 2023/4 | B29: 1.1 | C29: 1.1 | D29: 1.1
A30: 2024/1 | C30: 0.9 | D30: 1
A31: 2024/2 | C31: 0.1 | D31: 0.2
A32: 2024/3 | C32: -0.3 | D32: 0.2
A33: 2024/4 | C33: -0.3 | D33: 0.3
A34: 2025/1 | C34: -0.8 | D34: 0.3
A35: 2025/2 | C35: -0.7 | D35: 0.2
A36: 2025/3 | C36: -0.5 | D36: 0
A37: 2025/4 | C37: 0.1 | D37: 0.1
A38: 2026/1 | C38: 0.4 | D38: 0.1
A39: 2026/2 | C39: 0.5 | D39: 0
A40: 2026/3 | C40: 0.5 | D40: 0
A41: 2026/4 | C41: 0.6 | D41: 0
... A44: 2027/3 | C44: 0 | D44: 0

Sheet Figure 3.F.8
B1: Real Interest Rate | C1: Case B | D1: Case A | F1: Figure 3.F.8: Real Interest Rate, %
A2: 2017/1 | B2: 4.3
A3: 2017/2 | B3: 3.5
A4: 2017/3 | B4: 2.6
A5: 2017/4 | B5: 3.6
A6: 2018/1 | B6: 2.9
A7: 2018/2 | B7: 2.6
A8: 2018/3 | B8: 4.1
A9: 2018/4 | B9: 4.4
A10: 2019/1 | B10: 4.4
A11: 2019/2 | B11: 3.1
A12: 2019/3 | B12: 1.8
A13: 2019/4 | B13: 1.5
... A28: 2023/3 | B28: 4.9
A29: 2023/4 | B29: 3.6 | C29: 3.6 | D29: 3.6
A30: 2024/1 | C30: 3.2 | D30: 3.1
A31: 2024/2 | C31: 3.4 | D31: 3.1
A32: 2024/3 | C32: 3.3 | D32: 2.7
A33: 2024/4 | C33: 2.3 | D33: 2.7
A34: 2025/1 | C34: 2.2 | D34: 3.1
A35: 2025/2 | C35: 2.2 | D35: 3.2
A36: 2025/3 | C36: 2.4 | D36: 3.3
A37: 2025/4 | C37: 2.5 | D37: 3.3
A38: 2026/1 | C38: 2.5 | D38: 3.3
A39: 2026/2 | C39: 2.5 | D39: 3.3
A40: 2026/3 | C40: 2.5 | D40: 3.2
A41: 2026/4 | C41: 2.6 | D41: 3.3
... A44: 2027/3 | C44: 3.1 | D44: 3.7

Sheet Figure 3.F.9
B1: Nominal Effective Exchange Rate | C1: Case B | D1: Case A | E1: Stronger Fundamentals | F1: Weaker Fundamentals | H1: Figure 3.F.9: Nominal Effective Exchange Rate, Index
A2: 2017/1 | B2: 94.3
A3: 2017/2 | B3: 96.8
A4: 2017/3 | B4: 98.5
A5: 2017/4 | B5: 99.9
A6: 2018/1 | B6: 103
A7: 2018/2 | B7: 98.5
A8: 2018/3 | B8: 94.8
A9: 2018/4 | B9: 93.8
A10: 2019/1 | B10: 94.2
A11: 2019/2 | B11: 93.1
A12: 2019/3 | B12: 91.5
A13: 2019/4 | B13: 91.9
... A31: 2024/2 | B31: 56.9
A32: 2024/3 | B32: 58.5 | C32: 58.5 | D32: 58.5
A33: 2024/4 | C33: 68 | D33: 67
A34: 2025/1 | C34: 66.2 | D34: 64.7
A35: 2025/2 | C35: 64.4 | D35: 62.7
A36: 2025/3 | C36: 62.5 | D36: 60.8
A37: 2025/4 | C37: 60.6 | D37: 59.1
A38: 2026/1 | C38: 58.7 | D38: 57.6
A39: 2026/2 | C39: 56.9 | D39: 56.3
A40: 2026/3 | C40: 55.3 | D40: 55
A41: 2026/4 | C41: 54 | D41: 54.1
A42: 2027/1 | C42: 53 | D42: 53.4
A43: 2027/2 | C43: 52.2 | D43: 53
A44: 2027/3 | C44: 51.4 | D44: 52.6

Sheet Figure 3.F.10
B1: Real Effective Exchange Rate | C1: Case B | D1: Case A | H1: Figure 3.F.10: Real Effective Exchange Rate, Index
A2: 2017/1 | B2: 167.2
A3: 2017/2 | B3: 168.6
A4: 2017/3 | B4: 171.1
A5: 2017/4 | B5: 171.9
A6: 2018/1 | B6: 174.3
A7: 2018/2 | B7: 170.8
A8: 2018/3 | B8: 166.8
A9: 2018/4 | B9: 166.3
A10: 2019/1 | B10: 166.4
A11: 2019/2 | B11: 165.9
A12: 2019/3 | B12: 164.9
A13: 2019/4 | B13: 165.4
... A31: 2024/2 | B31: 136.1
A32: 2024/3 | B32: 138.1 | C32: 138.1 | D32: 138.1
A33: 2024/4 | C33: 148.1 | D33: 147.1
A34: 2025/1 | C34: 146.8 | D34: 145
A35: 2025/2 | C35: 145.4 | D35: 143.2
A36: 2025/3 | C36: 143.7 | D36: 141.4
A37: 2025/4 | C37: 142 | D37: 139.8
A38: 2026/1 | C38: 140.2 | D38: 138.4
A39: 2026/2 | C39: 138.4 | D39: 137.1
A40: 2026/3 | C40: 136.9 | D40: 135.8
A41: 2026/4 | C41: 135.7 | D41: 134.9
A42: 2027/1 | C42: 134.9 | D42: 134.1
A43: 2027/2 | C43: 134.1 | D43: 133.8
A44: 2027/3 | C44: 133.3 | D44: 133.3

Sheet Figure 3.F.11
B1: Inflation Expectations | C1: Case B | D1: Case A | E1: Target | G1: Figure 3.F.11: Model-Based 1-Year Ahead Inflation Expectations, Y-o-Y %
A2: 2017/1 | B2: 1.2 | E2: 4
A3: 2017/2 | B3: 1.7 | E3: 4
A4: 2017/3 | B4: 2 | E4: 4
A5: 2017/4 | B5: 1.8 | E5: 4
A6: 2018/1 | B6: 2.8 | E6: 4
A7: 2018/2 | B7: 2.9 | E7: 4
A8: 2018/3 | B8: 1.6 | E8: 4
A9: 2018/4 | B9: 1.4 | E9: 4
A10: 2019/1 | B10: 1 | E10: 4
A11: 2019/2 | B11: 2.4 | E11: 4
A12: 2019/3 | B12: 3.5 | E12: 4
A13: 2019/4 | B13: 3.6 | E13: 4
... A28: 2023/3 | B28: 5.1 | E28: 4
A29: 2023/4 | B29: 5.6 | C29: 5.6 | D29: 5.6 | E29: 4
A30: 2024/1 | C30: 5.5 | D30: 5.6 | E30: 4
A31: 2024/2 | C31: 4.8 | D31: 5 | E31: 4
A32: 2024/3 | C32: 4.4 | D32: 5.1 | E32: 4
A33: 2024/4 | C33: 4.4 | D33: 5 | E33: 4
A34: 2025/1 | C34: 4.2 | D34: 4.7 | E34: 4
A35: 2025/2 | C35: 4 | D35: 4.5 | E35: 4
A36: 2025/3 | C36: 3.8 | D36: 4.5 | E36: 4
A37: 2025/4 | C37: 3.7 | D37: 4.5 | E37: 4
A38: 2026/1 | C38: 3.7 | D38: 4.5 | E38: 4
A39: 2026/2 | C39: 3.8 | D39: 4.4 | E39: 4
A40: 2026/3 | C40: 3.9 | D40: 4.4 | E40: 4
A41: 2026/4 | C41: 3.9 | D41: 4.4 | E41: 4
... A44: 2027/3 | C44: 4 | D44: 4 | E44: 4

Sheet Figure B.1.1.
A2: Figure B.1.1 Real GDP Index and Trend

Sheet Figure B.1.2.
B1: Rent Inflation
A2: 2019/1 | B2: 100.04277 | J2: Figure B.2.2 Residential Rent Price Index
A3: 2019/2 | B3: 100.04277
A4: 2019/3 | B4: 100.04277
A5: 2019/4 | B5: 100.10571
A6: 2019/5 | B6: 100.31232
A7: 2019/6 | B7: 103.70142
A8: 2019/7 | B8: 104.00623
A9: 2019/8 | B9: 104.25974
A10: 2019/9 | B10: 104.56209
A11: 2019/10 | B11: 108.04252
A12: 2019/11 | B12: 108.25974
A13: 2019/12 | B13: 108.40759
A14: 2020/1 | B14: 108.70736
... A68: 2024/7 | B68: 169.96988

Sheet Figure B.1.3.
A1: Figure B.2.3 Deviation of Economic Variables from Equilibrium Levels
A2: Vertical Axis: percentage point; horizontal axis: quarters

Sheet Figure B.1.4.
A2: Figure B.1.4: Real GDP Index and Trend

Sheet Figure B.1.5.
B1: Low-Productivity Employment as a Share of Total Employment | G1: Figure B.2.5: Low-Productivity Employment as a Share of Total Employment
A2: 43466 | B2: 10.567157 | G2: share, %
A3: 43497 | B3: 10.671569
A4: 43525 | B4: 10.838439
A5: 43556 | B5: 10.910967
A6: 43586 | B6: 11.01274
A7: 43617 | B7: 11.287164
A8: 43647 | B8: 11.410292
A9: 43678 | B9: 11.499685
A10: 43709 | B10: 11.346078
A11: 43739 | B11: 11.312025
A12: 43770 | B12: 11.228098
A13: 43800 | B13: 11.30336
A14: 43831 | B14: 11.412699
... A68: 45474 | B68: 13.7

Sheet Figure B.1.6.
A1: Figure B.1.6: Deviation of Economic Variables from Equilibrium Levels
A3: Vertical Axis: percentage point; horizontal axis: quarters

Sheet Figure B.1.7.
A2: Figure B.1.7: Real GDP Index and Trend

Sheet Figure B.1.8.
A1: Տարի | B1: Number of Registered Non-Resident Employees in Armenia | E1: Figure B.1.8: Number of Registered Non-Resident Employees in Armenia
A2: 2021-01 | B2: 4.891 | E2: Thousands of persons
A3: 2021-02 | B3: 4.927
A4: 2021-03 | B4: 4.985
A5: 2021-04 | B5: 5.06
A6: 2021-05 | B6: 5.111
A7: 2021-06 | B7: 5.145
A8: 2021-07 | B8: 5.137
A9: 2021-08 | B9: 5.222
A10: 2021-09 | B10: 5.377
A11: 2021-10 | B11: 5.439
A12: 2021-11 | B12: 5.515
A13: 2021-12 | B13: 5.532
A14: 2022-01 | B14: 5.622
... A44: 2024-07 | B44: 19.01

Sheet Figure B.1.9.
A1: Figure B.2.9: Deviation of Economic Variables from Equilibrium Levels
A3: Vertical Axis: percentage point; horizontal axis: quarters

Sheet Figure B.2.1.
A1: Figure B.2.1: Monetary Policy Transmission Mechanism

Sheet Figure B.2.2.
B1: Policy Rate | C1: 2-year bond yield | D1: 10-year bond yield | E1: Moody's baa corporate yield
A3: 43221 | B3: 1.7 | C3: 2.5118182 | D3: 2.9777273 | E3: 4.8254545 | I3: Figure B.2.2: Effective fed funds rate and market interest rates at different maturities
A4: 43252 | B4: 1.82 | C4: 2.5333333 | D4: 2.912381 | E4: 4.8347619 | I4: %
A5: 43282 | B5: 1.91 | C5: 2.6066667 | D5: 2.8890476 | E5: 4.7914286
A6: 43313 | B6: 1.91 | C6: 2.6356522 | D6: 2.8891304 | E6: 4.766087
A7: 43344 | B7: 1.95 | C7: 2.7678947 | D7: 3.0042105 | E7: 4.8836842
A8: 43374 | B8: 2.19 | C8: 2.8609091 | D8: 3.1522727 | E8: 5.066087
A9: 43405 | B9: 2.2 | C9: 2.859 | D9: 3.117 | E9: 5.224
A10: 43435 | B10: 2.27 | C10: 2.6763158 | D10: 2.8326316 | E10: 5.1336842
A11: 43466 | B11: 2.4 | C11: 2.5433333 | D11: 2.7138095 | E11: 5.12
A12: 43497 | B12: 2.4 | C12: 2.5042105 | D12: 2.6763158 | E12: 4.9473684
A13: 43525 | B13: 2.41 | C13: 2.4095238 | D13: 2.5709524 | E13: 4.8357143
A14: 43556 | B14: 2.42 | C14: 2.3447619 | D14: 2.532381 | E14: 4.7033333
A15: 43586 | B15: 2.39 | C15: 2.2063636 | D15: 2.395 | E15: 4.6281818
A16: 43617 | B16: 2.38 | C16: 1.814 | D16: 2.074 | E16: 4.4605
... A77: 45474 | B77: 5.33 | C77: 4.4959091 | D77: 4.2486364 | E77: 5.8368182

Sheet Figure B.2.3.
B2: Share of FX denominated deposits in total deposits | C2: Share of FX denominated loans in total loans
A3: 43101 | B3: 55.4 | C3: 60.7 | E3: Figure B.2.3: Loan and deposit dollarization in Armenia, Share, %
A4: 43132 | B4: 54.7 | C4: 60.5
A5: 43160 | B5: 53.9 | C5: 60.6
A6: 43191 | B6: 53.3 | C6: 60.1
A7: 43221 | B7: 52.5 | C7: 60.1
A8: 43252 | B8: 52.9 | C8: 59.1
A9: 43282 | B9: 52.8 | C9: 57.5
A10: 43313 | B10: 52.9 | C10: 57.2
A11: 43344 | B11: 52.6 | C11: 56.8
A12: 43374 | B12: 52.3 | C12: 56.3
A13: 43405 | B13: 52.4 | C13: 55.9
A14: 43435 | B14: 51.8 | C14: 54.1
A15: 43466 | B15: 51.4 | C15: 53.7
... A80: 45444 | B80: 39.451029 | C80: 31.246175

Sheet Figure B.2.4.
B1: Policy Rate | C1: Deposits (>1 year) | D1: Business Loans (>1 year) | E1: Mortgage Rates | F1: Consumer Loans | G1: Short-Term bonds | H1: Medium-Term bonds | I1: Long-Term bonds
A2: Tightening cycle, November 2014 -> June 2015 | B2: 375 | C2: 124.06777 | D2: -10.611001 | E2: 18.005595 | F2: 64.775748 | G2: 503.76 | H2: 642.85 | I2: 577.23
A3: Loosening cycle, July 2015 -> October 2020 | B3: -625 | C3: -549.05212 | D3: -338.34123 | E3: -178.38248 | F3: -636.18969 | G3: -611.84848 | H3: -732.70757 | I3: -671.33061
A4: Tightening cycle, November 2020 -> April 2023 | B4: 650 | C4: 34.535755 | D4: 154.83719 | E4: 195.88302 | F4: 264.31538 | G4: 570.08848 | H4: 443.88685 | I4: 249.27623
A5: Loosening cycle, May 2023 -> | B5: -300 | C5: -23.88142 | D5: 30.903639 | E5: 7.3580959 | F5: 10.474532 | G5: -258.82092 | H5: -185.90857 | I5: -174.49226

Sheet Figure B.2.5.
A2: Figure B.2.5: Policy rate and market interest rates in Armenia,basis points

Sheet Figure B.3.1
B1: Historical Policy Rate | C1: Policy Rate - Case A | D1: Policy Rate - Case B | E1: Market Expectations (Survey) | F1: 1Y Rate - Today | G1: 1Y Rate - Case A | H1: 1Y Rate - Case B
A2: 1 | B2: 7
A3: =A2+1 -> 2 | B3: 7.5
A4: =A3+1 -> 3 | B4: 8
A5: =A4+1 -> 4 | B5: 8.25
A6: =A5+1 -> 5 | B6: 8.5
A7: =A6+1 -> 6 | B7: 8.5
A8: =A7+1 -> 7 | B8: 8.5
A9: =A8+1 -> 8 | B9: 8.25
A10: =A9+1 -> 9 | B10: 7.75
A11: =A10+1 -> 10 | B11: 7.5
A12: =A11+1 -> 11 | B12: 7.25
A13: =A12+1 -> 12 | B13: 7 | C13: 7 | D13: 7 | E13: 7 | F13: 7.6875 | G13: 8.5625 | H13: 6.8125
A14: =A13+1 -> 13 | C14: 7.25 | D14: 6.5 | E14: 6.875
A15: =A14+1 -> 14 | C15: 7.5 | D15: 6 | E15: 6.75
A16: =A15+1 -> 15 | C16: 7.75 | D16: 5.5 | E16: 6.625
A17: =A16+1 -> 16 | C17: 7.75 | D17: 5.25 | E17: 6.5

Sheet Figure B.4.1
B1: Inflation | C1: CBA Macro Survey* | E1: Survey Range | F1: IMF | G1: Consensus
A2: 2017/1 | B2: -0.25117371
A3: 2017/2 | B3: 1.1426535
A4: 2017/3 | B4: 0.96681465
A5: 2017/4 | B5: 2.0323023
A6: 2018/1 | B6: 3.2830041
A7: 2018/2 | B7: 1.4954136
A8: 2018/3 | B8: 2.9752766
A9: 2018/4 | B9: 2.2038703
A10: 2019/1 | B10: 1.607652
A11: 2019/2 | B11: 2.3162027
A12: 2019/3 | B12: 0.82386138
A13: 2019/4 | B13: 0.90339559
... A30: 2024/1 | B30: -1.2374745
A31: 2024/2 | B31: 0.099907392 | C31: 0.099907392 | D31: 0.099907392
A32: 2024/3 | C32: 1.5 | D32: 0.2 | E32: 4.8
A33: 2024/4 | C33: 2.45 | D33: 0.2 | E33: 4.7 | F33: 3.1 | G33: 0.3
A34: 2025/1 | C34: 2.65 | D34: 1.25 | E34: 3.55
A35: 2025/2 | C35: 3 | D35: 1.5 | E35: 3.3
A36: 2025/3 | C36: 3.6 | D36: 1.5 | E36: 3.2
A37: 2025/4 | C37: 3.8 | D37: 2.25 | E37: 2.35 | F37: 3.7 | G37: 3.9
A38: 2026/1 | C38: 4 | D38: 2.5 | E38: 2
A39: 2026/2 | C39: 4 | D39: 2 | E39: 2.5
A40: 2026/3 | C40: 4 | D40: 2 | E40: 2.5
A41: 2026/4 | C41: 4 | D41: 2 | E41: 2.5 | F41: 4 | G41: 4.1
A42: 2027/1 | C42: 4 | D42: 2 | E42: 2.5
A43: 2027/2 | C43: 4 | D43: 2 | E43: 2.8

Sheet Figure B.4.2
B1: Policy Rate | C1: CBA Macro Survey (Average)
A2: 2017/1 | B2: 5.87
A3: 2017/2 | B3: 5.46
A4: 2017/3 | B4: 5.01
A5: 2017/4 | B5: 5.68
A6: 2018/1 | B6: 6
A7: 2018/2 | B7: 5.78
A8: 2018/3 | B8: 6.03
A9: 2018/4 | B9: 6.15
A10: 2019/1 | B10: 5.71
A11: 2019/2 | B11: 5.76
A12: 2019/3 | B12: 5.68
A13: 2019/4 | B13: 5.42
... A30: 2024/1 | B30: 8.75
A31: 2024/2 | B31: 8.3 | C31: 8.3 | D31: 8.3
A32: 2024/3 | C32: 7.625 | D32: 7.5 | E32: 0.5
A33: 2024/4 | C33: 7.5 | D33: 7 | E33: 1
A34: 2025/1 | C34: 7.25 | D34: 6.75 | E34: 1.25
A35: 2025/2 | C35: 7 | D35: 6.5 | E35: 1.5
A36: 2025/3 | C36: 7 | D36: 6.25 | E36: 1.75
A37: 2025/4 | C37: 7 | D37: 6.25 | E37: 1.75
A38: 2026/1 | C38: 7 | D38: 6 | E38: 2
A39: 2026/2 | C39: 7 | D39: 6 | E39: 2
A40: 2026/3 | C40: 6.875 | D40: 6 | E40: 2
A41: 2026/4 | C41: 6.875 | D41: 5.75 | E41: 2.25
A42: 2027/1 | C42: 6.875 | D42: 5.75 | E42: 2.25
A43: 2027/2 | C43: 6.875 | D43: 5.75 | E43: 2.25

Sheet Figure B.4.3
B1: Real GDP Growth | C1: CBA Macro Survey* | E1: Survey Range | F1: IMF | G1: Consensus
A2: 2017/1 | B2: 7.2291654
A3: 2017/2 | B3: 6.6942438
A4: 2017/3 | B4: 4.4478241
A5: 2017/4 | B5: 11.375334
A6: 2018/1 | B6: 9.9198402
A7: 2018/2 | B7: 7.3930273
A8: 2018/3 | B8: 2.8283339
A9: 2018/4 | B9: 3.2902573
A10: 2019/1 | B10: 7.6047802
A11: 2019/2 | B11: 7.0528842
A12: 2019/3 | B12: 8.1409393
A13: 2019/4 | B13: 7.5848599
... A30: 2024/1 | B30: 6.618394
A31: 2024/2 | B31: 6.3577051 | C31: 6.3577051 | D31: 6.3577051
A32: 2024/3 | C32: 7.15 | D32: 5 | E32: 5
A33: 2024/4 | C33: 7.3762024 | D33: 5 | E33: 4 | F33: 6 | G33: 6
A34: 2025/1 | C34: 6.05 | D34: 3 | E34: 5
A35: 2025/2 | C35: 6 | D35: 4 | E35: 4
A36: 2025/3 | C36: 5.7264721 | D36: 3.5 | E36: 4.5
A37: 2025/4 | C37: 5.65 | D37: 3 | E37: 5 | F37: 5.2 | G37: 5
A38: 2026/1 | C38: 5.5 | D38: 3 | E38: 5
A39: 2026/2 | C39: 5.5 | D39: 4 | E39: 4
A40: 2026/3 | C40: 5.5 | D40: 4 | E40: 4
A41: 2026/4 | C41: 5.5 | D41: 4.5 | E41: 3.5 | F41: 4.5 | G41: 4.5
A42: 2027/1 | C42: 5.45 | D42: 4 | E42: 4
A43: 2027/2 | C43: 5.325 | D43: 4 | E43: 4

Sheet Figure B.4.4
B1: Nominal Exchange Rate (AMD/USD)
A2: 2017/1 | B2: 485.78333
A3: 2017/2 | B3: 483.36
A4: 2017/3 | B4: 478.63
A5: 2017/4 | B5: 483.09333
A6: 2018/1 | B6: 481.39333
A7: 2018/2 | B7: 482.68667
A8: 2018/3 | B8: 482.56
A9: 2018/4 | B9: 485.31
A10: 2019/1 | B10: 487.22667
A11: 2019/2 | B11: 481.10333
A12: 2019/3 | B12: 476.24333
A13: 2019/4 | B13: 477.20667
... A30: 2024/1 | B30: 403.21667
A31: 2024/2 | B31: 389 | C31: 389 | D31: 389
A32: 2024/3 | C32: 390 | D32: 385 | E32: 15 | F32: 410.25
A33: 2024/4 | C33: 395 | D33: 380 | E33: 30 | F33: 415
A34: 2025/1 | C34: 398.5 | D34: 384 | E34: 31 | F34: 420
A35: 2025/2 | C35: 396.5 | D35: 388 | E35: 32 | F35: 420
A36: 2025/3 | C36: 399 | D36: 385 | E36: 45 | F36: 422.5
A37: 2025/4 | C37: 402.5 | D37: 380 | E37: 60 | F37: 420
A38: 2026/1 | C38: 402.5 | D38: 385 | E38: 65 | F38: 422.5
A39: 2026/2 | C39: 405 | D39: 390 | E39: 80 | F39: 425
A40: 2026/3 | C40: 404 | D40: 390 | E40: 90 | F40: 425
A41: 2026/4 | C41: 410 | D41: 395 | E41: 85 | F41: 427.5
A42: 2027/1 | C42: 407.5 | D42: 395 | E42: 85
A43: 2027/2 | C43: 410 | D43: 392 | E43: 88
